Workbook
Name ______xlnm._FilterDatabase: "#REF!"
Name ____xlnm._FilterDatabase: "#REF!"
Name ___INDEX_SHEET___ASAP_Utilities: #REF!
Name ___INDEX_SHEET___ASAP_Utilities: #REF!
Name ___INDEX_SHEET___ASAP_Utilities: #REF!
Name ___xlnm._FilterDatabase: "#REF!"
Name __xlnm._FilterDatabase_1: #REF!
Name __xlnm._FilterDatabase_1: #REF!
Name __xlnm._FilterDatabase_1: #REF!
Name _1__123Graph_Aｸﾞﾗﾌ_7: #REF!
Name _1__123Graph_Aｸﾞﾗﾌ_7: #REF!
Name _112233: #REF!
Name _112233: #REF!
Name _112277: #REF!
Name _112277: #REF!
Name _12__123Graph_BCHART_5: #REF!
Name _12__123Graph_BCHART_5: #REF!
Name _1222: #REF!
Name _1222: #REF!
Name _13__123Graph_Bｸﾞﾗﾌ_7: #REF!
Name _13__123Graph_Bｸﾞﾗﾌ_7: #REF!
Name _14__123Graph_Cｸﾞﾗﾌ_7: #REF!
Name _14__123Graph_Cｸﾞﾗﾌ_7: #REF!
Name _15__123Graph_Dｸﾞﾗﾌ_7: #REF!
Name _15__123Graph_Dｸﾞﾗﾌ_7: #REF!
Name _16__123Graph_Eｸﾞﾗﾌ_7: #REF!
Name _16__123Graph_Eｸﾞﾗﾌ_7: #REF!
Name _17__123Graph_Fｸﾞﾗﾌ_7: #REF!
Name _17__123Graph_Fｸﾞﾗﾌ_7: #REF!
Name _21: #REF!
Name _21: #REF!
Name _25: #REF!
Name _25: #REF!
Name _29: #REF!
Name _29: #REF!
Name _456: {0,#N/A,FALSE,0;0,#N/A,FALSE,0;0,#N/A,FALSE,0;0,#N/A,FALSE,0;0,#N/A,FALSE,0;0,#N/A,FALSE,0}
Name _456: {0,#N/A,FALSE,0;0,#N/A,FALSE,0;0,#N/A,FALSE,0;0,#N/A,FALSE,0;0,#N/A,FALSE,0;0,#N/A,FALSE,0}
Name _Fill: #REF!
Name _Fill: #REF!
Name _NDC1: {"'内訳表'!$B$2:$N$64"}
Name _NDC1: {"'内訳表'!$B$2:$N$64"}
Name _Order1: 0
Name _Order2: 255
Name ¿Quiénes_están_inscritos_dentro_del_sistema__incluye_desinscr___: #REF!
Name a1_Y1: #REF!
Name a1_Y1: #REF!
Name a1_Y1: #REF!
Name a1_Y2: #REF!
Name a1_Y2: #REF!
Name a10_Y10: #REF!
Name a10_Y10: #REF!
Name a10_Y11: #REF!
Name a10_Y11: #REF!
Name a2_Y2: #REF!
Name a2_Y2: #REF!
Name a2_Y3: #REF!
Name a2_Y3: #REF!
Name a3_Y3: #REF!
Name a3_Y3: #REF!
Name a3_Y4: #REF!

Sheet FICHA TECNICA SUMINISTROS
A1: PRESUPUESTO
A2: Denominación del Bien o Servicio: | B2: PRESTAR LOS SERVICIOS PARA BRINDAR ATENCIÓN HUMANITARIA A LA POBLACIÓN VÍCTIMA DEL CONFLICTO ARMADO INTERNO Y PARA APOYAR EL FUNCIONAMIENTO DE LA MESA DE PARTICIPACIÓN DE VÍCTIMAS DEL MUNICIPIO DE PEREIRA
B6: 2. ALOJAMIENTO
B8: ITEM | C8: DESCRIPCION | D8: UNIDAD DE MEDIDA | E8: CANTIDAD
B9: 2 .Alojamiento-Disponibilidad del Inmueble completamente dotado. | C9: Alojamiento que incluye mobiliario: (Cama, colchón), ropa de cama (Protector de colchón, sábanas, fundas de almohada, cobijas), por usuario, y demás especificaciones técnicas.(Ver anexo técnico) | D9: Unidad | E9: 40
B10: TOTAL MES
B12: ITEM | C12: DESCRIPCION | D12: UNIDAD DE MEDIDA | E12: CANTIDAD
B13: 3. Transporte Local-Alquiler de Vehículos -a todo costo | C13: Alquiler vehículo para transporte de personas a todo costo- según ficha técnica | D13: Unidad | E13: 1
B14: TOTAL
B16: ITEM | C16: DESCRIPCION | D16: UNIDAD DE MEDIDA | E16: CANTIDAD
B17: 4. Apoyo para Comunicaciones | C17: Plan de telefonia movil que incluya datos | D17: Unidad | E17: 1
B18: TOTAL
B20: 5. SUMINSTROS, DOTACIONES Y OTROS SERVICIOS
B21: ITEM | C21: DESCRIPCION | D21: UNIDAD DE MEDIDA | E21: CANTIDAD
B22: 5. Alimentación--Minuta alimentaria, según Ciclo de Menús y sus anexos. | C22: Desayuno( entrega diaria x 30 dias) | D22: Unidad | E22: 1
C23: Almuerzo (entrega Diaria x 30 días) | D23: Unidad | E23: 1
C24: Cena, entrega diaria x 30 días | D24: Unidad | E24: 1
C25: Refrigerio AM (entrega diaria x 30 días) | D25: Unidad | E25: 1
C26: Refrigerio PM (Entrega diaria x 30 días) | D26: Unidad | E26: 1
B27: TOTAL
B29: ITEM | C29: DESCRIPCION | D29: UNIDAD DE MEDIDA | E29: CANTIDAD
B30: 5.1 Mercados de apoyo (Familiar 4 miembros) | C30: Atun Lomitos en aceite x 170 gr | D30: Unidad | E30: 12
C31: Leche En Polvo x 900 gr | D31: Unidad | E31: 2
C32: Sardinas En Salsa 425 gr. | D32: Unidad | E32: 2
C33: Frijol x 500 gr | D33: Unidad | E33: 3
C34: Lenteja x 500 gr | D34: Unidad | E34: 4
C35: Chocolate Pastas x 500gr | D35: Unidad | E35: 2
C36: Aceite x 3000 ml | D36: Unidad | E36: 1
C37: Arroz x 5000 | D37: Unidad | E37: 1
C38: Avena Hojuelas x 1000 gr | D38: Unidad | E38: 2
C39: Azucar x 500 gr | D39: Unidad | E39: 2
C40: Galletas De Sal x 500gr | D40: Paquete | E40: 4
C41: Harina de maíz amarilla x 500 gr | D41: Unidad | E41: 3
C42: Panela x 1000 gr | D42: Unidad | E42: 3
... C46: Jabon en barra azul para lavar ropa | D46: Unidad | E46: 1
B47: TOTAL MERCADO
B49: ITEM | C49: DESCRIPCION | D49: UNIDAD DE MEDIDA | E49: CANTIDAD
B50: 5.2.1 Kit de aseo para niños de 0 meses a 2 años, dentro y fuera del albergue. | C50: Crema antipañalitis 100-115gr | D50: Unidad | E50: 1
C51: Pañales | D51: Unidad | E51: 150
C52: Pañitos Húmedos paquete x 100 unds | D52: Unidad | E52: 4
B53: TOTAL KIT BEBES
B54: 5.2.2 Kit de aseo para niños de 2 años a 11 años, dentro y fuera del albergue. Nota: El papel higiénico y el jabón azul solo aplica para los usuarios del albergue | C54: Cepillo de dientes para adulto tipo mediano de mango flexible | D54: Unidad | E54: 1
C55: Crema dental tubo de 150 gr | D55: Unidad | E55: 1
C56: Jabón de baño de 110 gr. | D56: Unidad | E56: 1
C57: Shampoo de 100ml | D57: Unidad | E57: 1
C58: Papel higiénico rollo x 4 unds | D58: Paquete | E58: 1
C59: Jabón de barra azul para lavar ropa | D59: Unidad | E59: 1
B60: TOTAL KIT NIÑOS 2 A 11 AÑOS
B61: 5.2.3 Kit de aseo para personas mayores de 12 años (inclusive) en adelante, dentro y fuera del albergue. Nota: El papel higiénico y el jabón azul solo aplica para los usuarios del albergue | C61: Cuchilla de afeitar desechable (entrega solo para adultos) y menores de edad con supervisión de padres o tutores) | D61: Unidad | E61: 1
C62: Cepillo de dientes para adulto tipo mediano de mango flexible | D62: Unidad | E62: 1
C63: Crema dental tubo de 150 gr | D63: Unidad | E63: 1
C64: Jabón de baño de 110 gr. | D64: Unidad | E64: 1
C65: Desodorante en rollon 60 gr | D65: unidad | E65: 1
C66: Paquete de toallas higiénicas o sanitarias por diez unidades (entrega solo a mujeres menstruantes ) | D66: Paquete | E66: 1
C67: Shampoo de 100ml | D67: Unidad | E67: 1
C68: Papel higiénico rollo x 4 unds | D68: Paquete | E68: 1
C69: Jabón de barra azul para lavar ropa | D69: Unidad | E69: 1
B70: TOTAL KIT ASEO MAYORES DE 12 AÑOS
B71: 5.2.4 Pañal adulto | C71: Pañal adulto a demanda | D71: Unidad | E71: 1
B72: TOTAL PAÑAL ADULTO
B73: TOTAL KIT DE ASEO
B74: ITEM | C74: DESCRIPCION | D74: UNIDAD DE MEDIDA | E74: CANTIDAD
B75: 5.2.5 Toalla de cuerpo (dentro del albergue) | C75: Toalla 70x140 cm , en fibra natural 100% algodón. | D75: Unidad | E75: 1
B76: TOTAL TOALLA
B78: ITEM | C78: DESCRIPCION | D78: UNIDAD DE MEDIDA | E78: CANTIDAD
B79: 5.3 Botiquín Tipo A para el albergue | C79: Botiquin tipo A | D79: Unidad | E79: 1
B80: TOTAL BOTIQUIN
B81: ITEM | C81: DESCRIPCION | D81: UNIDAD DE MEDIDA | E81: CANTIDAD
B82: 5.4 Apoyo Logístico Mesas de participación y Comités. | C82: Apoyo logístico: Equipos audiovisuales; video bean, equipo de sonido, portátil, para reuniones mesas de participación y comités de victimas | D82: Unidad | E82: 1
C83: Apoyo logístico: estación de café y agua, para reuniones mesas de participación y comités de victimas | D83: Unidad | E83: 1
C84: Apoyo logístico: Alquiler de sitio con silletería para reuniones y mesas de participación y comités de victimas | D84: Unidad | E84: 1
B85: TOTAL
B87: ITEM | C87: DESCRIPCION | D87: UNIDAD DE MEDIDA | E87: CANTIDAD
B88: 5.5 FORMULAS INFANTILES (Se harán entregas para los niños que permanecen en el albergue y para los que se encuentran por fuera de él previa verificación) | C88: Fórmula infantil de 400 gr (recién nacido) dentro y fuera del albergue (Se estiman hasta 7 entregas a cada beneficiario durante el mes, de acuerdo a la necesidad y previa verificación por parte del equipo psicosocial del programa). | D88: Unidad | E88: 1
C89: Fórmula infantil de 400 gr (1 mes), dentro y fuera del albergue (Se estiman hasta 10 entregas a cada beneficiario durante el mes, de acuerdo a la necesidad y previa verificación por parte del equipo psicosocial del programa). | D89: Unidad | E89: 1
C90: Fórmula infantil de 400 gr (2 - 3 meses), dentro y fuera del albergue albergue ( Se estiman hasta 12 entregas a cada beneficiario durante el mes, de acuerdo a la necesidad y previa verificación por parte del equipo psicosocial del programa) | D90: Unidad | E90: 1
C91: Fórmula infantil de 400 gr (4 - 6 meses), dentro y fuera del albergue ( Se estiman hasta 18 entregas a cada beneficiario durante el mes, de acuerdo a la necesidad y previa verificación por parte del equipo psicosocial del programa) | D91: Unidad | E91: 1
B92: TOTAL
B94: SUMINSTROS, DOTACIONES Y OTROS SERVICIOS
B95: ITEM | C95: DESCRIPCION | D95: UNIDAD DE MEDIDA | E95: CANTIDAD
B96: 5.6 Kit de vestuario (Se entrega 1 vez por cada usuario, previa valoración del equipo psicosocial del programa de víctimas). NOTA: de acuerdo al enfoque diferencial. | C96: Camiseta tipo polo en poliéster tallas varias | D96: Unidad | E96: 1
C97: Pantalón o sudadera de color oscuro preferiblemente, tallas varias. | D97: Unidad | E97: 1
C98: Bóxer hombre x 3 unds, diversas tallas, diversos colores | D98: Paquete | E98: 1
C99: Par Medias para hombre | D99: Par | E99: 2
C100: Zapatos deportivos hombre diversas tallas | D100: Par | E100: 1
C101: Blusa para dama diversas tallas, diversos colores | D101: Unidad | E101: 1
C102: Panty para dama x 3 unds, diversas tallas | D102: Paquete | E102: 1
C103: Brasier x 2 unds, diversas tallas | D103: Paquete | E103: 1
C104: Pantalón o sudadera, tallas diversas | D104: Unidad | E104: 1
C105: Par de medias deportivas dama | D105: Par | E105: 2
C106: Zapatos dama deportivo, diversas tallas | D106: Par | E106: 1
C107: Kit vestuario (mujer bata y zapatos) población indígena | D107: Kit | E107: 1
C108: Kit bebés de 0 a 6 meses: (2 pijamas, 2 baberos, 2 mamelucos) | D108: Kit | E108: 1
B109: TOTAL
B111: ITEM | C111: DESCRIPCION | D111: UNIDAD DE MEDIDA | E111: CANTIDAD
B112: 5.7 Kit de cocina personal (Se entrega 1 vez cuando el usuario salga del albergue) y excepcionalmente a usuarios que no hacen uso del albergue, previa valoración del equipo psicosocial del programa de víctimas. | C112: Plato de 20 cm en Melamina | D112: Unidad | E112: 1
C113: Vaso en melamina 12 oz | D113: Unidad | E113: 1
C114: Kits cubiertos: cuchillo, tenedor, cuchara | D114: Unidad | E114: 1
B115: 5.8 Kit de cocina familiar x 4 miembros (Se entrega 1 vez cuando el usuario salga del albergue) ) y excepcionalmente a usuarios que no hacen uso del albergue, previa valoración del equipo psicosocial del programa de víctimas. | C115: Olla # 20 x 3 lts | D115: Unidad | E115: 1
C116: Sartén de 24 cm antiadherente | D116: Unidad | E116: 1
...

Sheet FACTOR MULTIPLICADOR FM 
D1: Salario Mínimo Mensual Legal Vigente año 2026 | H1: 1750905
D2: Subsidio de Transporte (salario <= 2 SMMLV) | H2: 249095
E3: CONCEPTO | F3: % S/ SALARIO BASE | G3: FM1 ≤ 2 SMMLV | H3: FM2 > 2 SMMLV | I3: NORMA LEGAL | J3: Columna1 | K3: Columna2
E4: PRESTACIONES SOCIALES
E5: Cesantías | F5: 0.0833 | G5: 0.0833 | H5: 0.0833 | I5: Art. 249 CST
E6: Intereses a las cesantías | F6: 0.01 | G6: 0.01 | H6: 0.01 | I6: Ley 52 de 1975
E7: Prima de servicios | F7: 0.0833 | G7: 0.0833 | H7: 0.0833 | I7: Art. 306 CST
E8: Vacaciones (1) | F8: 0.0417 | G8: 0.0417 | H8: 0.0417 | I8: Art. 186 CST
E9: Dotación (2) | F9: 0.04 | G9: 0.04 | I9: Art. 230 CST
E10: APORTES A SEGURIDAD SOCIAL
E11: Salud (empleador) | F11: 0.085 | G11: 0.085 | H11: 0.085 | I11: Ley 100 de 1993
E12: Pensión (empleador) | F12: 0.12 | G12: 0.12 | H12: 0.12 | I12: Ley 797 de 2003
E13: ARL Riesgo 3 (3) | F13: 0.02436 | G13: 0.02436 | H13: 0.02436 | I13: Decreto 1607 de 2002
E14: APORTES PARAFISCALES
E15: Caja de Compensación | F15: 0.04 | G15: 0.04 | H15: 0.04 | I15: Ley 21 de 1982
E16: SENA | F16: 0.02 | G16: 0.02 | H16: 0.02 | I16: Ley 119 de 1994
E17: ICBF | F17: 0.03 | G17: 0.03 | H17: 0.03 | I17: Decreto 118 de 1957
E18: TOTAL CARGA PRESTACIONAL Y PARAFISCAL | G18: =SUBTOTAL(109,G4:G17) -> 0.57766 | H18: =SUBTOTAL(109,H4:H17) -> 0.53766
D20: (1) Son 15 días hábiles, que corresponden a 18 días calendario.
D21: (2) Tiene derecho el trabajador vinculado mediante contrato de trabajo que devengue hasta 2 SMMLV
D22: (3) ARL- Se establece el máximo según riesgo posible de los CV, sin embargo, el municipio pagará según el informado y efectivamente pagado por el operador del programa.

Sheet RECARGOS DIURNOS-NOCTURNOS (2)
A2: PROYECCION DE RECARGOS POR CARGO Y TOTAL DEVENGADO
A4: PERFIL | B4: BÁSICO | C4: Valor hora ordinaria | D4: VALOR RECARGO NOCTURNO (35%) | E4: VALOR RECARGO DIURNO DOMINICAL Y FESTIVO DIURNO (90%) | F4: VALOR RECARGO NOCTURNO DOMINICAL Y FESTIVO (125%) | G4: NÚMERO DE HORAS RECARGOS NOCTURNO AL MES | H4: VALOR TOTAL MES DE RECARGO NOCTURNOS | I4: NÚMERO DE HORAS RECARGOS DIURNO DOMINICALES Y FESTIVOS | J4: VALOR TOTAL MES DE RECARGO DIURNO DOMINICAL Y FESTIVO | K4: NÚMERO DE HORAS RECARGOS NOCTURNO DOMINICAL Y FESTIVO | L4: VALOR TOTAL MES DE RECARGO NOCTURNOS DOMINICAL Y FESTIVO | M4: VALOR AL MES TOTAL DE RECARGOS CUPO 45 hasta 64 | N4: Personal requerido | O4: Valor estimado recargos x persona mes | P4: Total Devengado estimado
A5: AUXILIAR DE ENFERMERÍA | B5: 2600000 | C5: =B5/210 -> 12380.952 | D5: =C5*35% -> 4333.3333 | E5: =C5*90% -> 11142.857 | F5: =C5*125% -> 15476.19 | G5: 280.5 | H5: =+G5*D5 -> 1215500 | I5: 71.5 | J5: =I5*E5 -> 796714.29 | K5: 60.5 | L5: =K5*F5 -> 936309.52 | M5: =+J5+L5+H5 -> 2948523.8 | N5: 2 | O5: =M5/N5 -> 1474261.9 | P5: =B5+O5 -> 4074261.9
A6: BACHILLERES con curso de guardas de seguridad | B6: 2200000 | C6: =B6/210 -> 10476.19 | D6: =C6*35% -> 3666.6667 | E6: =C6*90% -> 9428.5714 | F6: =C6*125% -> 13095.238 | G6: 280.5 | H6: =+G6*D6 -> 1028500 | I6: 71.5 | J6: =I6*E6 -> 674142.86 | K6: 60.5 | L6: =K6*F6 -> 792261.9 | M6: =+J6+L6+H6 -> 2494904.8 | N6: 3 | O6: =M6/N6 -> 831634.92 | P6: =B6+O6 -> 3031634.9
A7: MANIPULADOR DE ALIMENTOS | B7: 1850000 | C7: =B7/210 -> 8809.5238 | D7: =C7*35% -> 3083.3333 | E7: =C7*90% -> 7928.5714 | F7: =C7*125% -> 11011.905 | G7: 0 | H7: 0 | I7: 71.5 | J7: =I7*E7 -> 566892.86 | M7: =+J7+L7+H7 -> 566892.86 | N7: 2 | O7: =M7/N7 -> 283446.43 | P7: =B7+O7 -> 2133446.4
A8: TOTAL | M8: =SUM(M5:M7) -> 6010321.4 | P8: =SUM(P5:P7) -> 9239343.3
A9: Nota. Los recargos se calculan con un techo máximo de horas laborales en el mes y segùn normativa vigente en el momento de estructurar el estudio de costos para el proceso contractual, estos pueden variar segùn la operaciòn real y la necesidad presentada en el centro.
A10: CRITERIOS PARA EL CALCULO:
A11: Concepto | B11: Fórmula | C11: Horas promedio mes
A12: Jornada semanal | B12: — | C12: 42 h/semana | F12: *Manipuladores y servi generales no tienen recargos nocturnos al mes.
A13: Semanas promedio/mes | B13: 30,33 ÷ 7 | C13: 4.33 | F13: *Total devengado, es la sumatoria del sueldo basico +promedio de recargos x cargo mes
A14: Horas mensuales de referencia | B14: 42 × 5 | C14: 210 h | F14: *El promedio de recargo x cargo, se da en dividir el total de recargos durante el mes /número de personas que cubren los turnos
A15: Horas nocturnas totales | B15: 31 días × 11 h | C15: 341 h (RNDF+RNM) | F15: *A mas personas menor valor de recargos y a menos personas este valor aumenta.
A16: RNDF – nocturnas dominicales/festivas | B16: 5,5 días × 11 h | C16: 60,5 h
A17: RNM – nocturnas ordinarias | B17: 341 − 60,5 | C17: 280,5 h
A18: RDF – dominical/festivo diurno | B18: 5,5 días × 13 h | C18: 71,5 h
A19: Comprobación domingo/festivo | B19: 71,5 + 60,5 | C19: 132 h
A23: *Los recargos nocturnos son de 7:00 pm. A 6:00 am
A24: *Los recargos dominicales y festivos son las 24 horas del día

Sheet TALENTO HUMANO
L1: 40 | M1: 8
B2: TALENTO HUMANO
A3: Nro. | B3: Perfil | C3: Cantidad | D3: Asignación/ honorarios | E3: Subtotal incluido recargos al personal que aplique | F3: Aux transporte 2026 | G3: Total devengado* | H3: Factor M1 (1.58) | I3: Factor M2 (1,5377) | J3: Valor Unitario mensual pagar Incluido provisión mesual PS) | K3: Valor total mes | L3: PRESUPUESTO 2026 | M3: PRESUPUESTO 2027
A4: 1 | B4: Director /Coordinador del proyecto | C4: 1 | D4: 5250000 | E4: =D4 -> 5250000 | G4: =E4 -> 5250000 | H4: 0 | I4: =E4*1.5377 -> 8072925 | J4: =I4 -> 8072925 | K4: =C4*J4 -> 8072925 | L4: =K4/30*$L$1 -> 10763900 | M4: =K4*$M$1 -> 64583400
A5: 2 | B5: Profesional en Psicólogia | C5: 1 | D5: 4000000 | E5: =D5 -> 4000000 | G5: =E5 -> 4000000 | H5: 0 | I5: =E5 -> 4000000 | J5: =I5 -> 4000000 | K5: =C5*J5 -> 4000000 | L5: =K5/30*$L$1 -> 5333333.3 | M5: =K5*$M$1 -> 32000000
A6: 3 | B6: trabajador/a social | C6: 1 | D6: 4000000 | E6: =D6 -> 4000000 | G6: =E6 -> 4000000 | H6: 0 | I6: =E6 -> 4000000 | J6: =I6 -> 4000000 | K6: =J6*C6 -> 4000000 | L6: =K6/30*$L$1 -> 5333333.3 | M6: =K6*$M$1 -> 32000000
A7: 4 | B7: Bachilleres con curso de guarda de seguridad | C7: 3 | D7: 2200000 | E7: ='RECARGOS DIURNOS-NOCTURNOS (2)'!P6 -> 3031634.9 | F7: 249095 | G7: =E7+F7 -> 3280729.9 | H7: =G7*1.58 -> 5183553.3 | J7: =H7 -> 5183553.3 | K7: =J7*C7 -> 15550660 | L7: =K7/30*$L$1 -> 20734213 | M7: =K7*$M$1 -> 1.2440528e+08
A8: 5 | B8: Manipuladoras de Alimentos | C8: 2 | D8: 1850000 | E8: ='RECARGOS DIURNOS-NOCTURNOS (2)'!P7 -> 2133446.4 | F8: 249095 | G8: =E8+F8 -> 2382541.4 | H8: =G8*1.58 -> 3764415.5 | J8: =H8 -> 3764415.5 | K8: =J8*C8 -> 7528830.9 | L8: =K8/30*$L$1 -> 10038441 | M8: =K8*$M$1 -> 60230647
A9: 6 | B9: Personal de aseo | C9: 1 | D9: 1750905 | E9: 0 | F9: 249095 | G9: =D9+F9 -> 2000000 | H9: =G9*1.58 -> 3160000 | J9: =H9 -> 3160000 | K9: =J9*C9 -> 3160000 | L9: =K9/30*$L$1 -> 4213333.3 | M9: =K9*$M$1 -> 25280000
A10: 7 | B10: auxiliar de enfermeria | C10: 2 | D10: 2600000 | E10: ='RECARGOS DIURNOS-NOCTURNOS (2)'!P5 -> 4074261.9 | F10: 249095 | G10: =E10+F10 -> 4323356.9 | H10: =G10*1.58 -> 6830903.9 | J10: =H10 -> 6830903.9 | K10: =J10*C10 -> 13661808 | L10: =K10/30*$L$1 -> 18215744 | M10: =K10*$M$1 -> 1.0929446e+08
A11: TOTALES | J11: =SUM(J4:J10) -> 35011798 | K11: =SUM(K4:K10) -> 55974224 | L11: =SUM(L4:L10) -> 74632298 | M11: =SUM(M4:M10) -> 4.4779379e+08
B13: Nota 1: El total devengado Incluye el promedio estimado de recargos diurno y nocturno ordinario, diurno y nocturno dominial y festivo + auxilio de transporte x cada persona que aplica. EL contratista deberá liquidar los recargos según la necesidad real presentada para cada trabajador, y de acuerdo con la normativa laboral vigente en Colombia.
B14: Nota 2: El auxilio de transporte hace parte de la carga prestacional, se exceptua en las vacaciones, caso en el cual no se debe tener en cuenta. Tampoco se tendrá en cuenta el aux de transporte para liquidar los aportes a seguridad social y parafiscales.
B15: Nota 3: Para la liquidación de las vacaciones se incluirán los recargos nocturnos, siempre y cuando la jormada ordinaria del trabajdor se haga en todo o en parte en jormada nocturna.
B16: Nota 4: En ningún caso, se modificará la asignación mensual establecida en este estudio

Sheet EMSODECO
A1: FICHA TECNICA
A2: Denominación del Bien o Servicio: | B2: PRESTAR LOS SERVICIOS PARA BRINDAR ATENCIÓN HUMANITARIA A LA POBLACIÓN VÍCTIMA DEL CONFLICTO ARMADO INTERNO Y PARA APOYAR EL FUNCIONAMIENTO DE LA MESA DE PARTICIPACIÓN DE VÍCTIMAS DEL MUNICIPIO DE PEREIRA
A6: Empresa: | B6: EMPRESA SOCIAL DE COLOMBIA | E6: Tipo de empresa | F6: Con ánimo de lucro | H6: NIT: | I6: 900225503-4 | J6: Fecha: | K6: 46268
A7: Contacto: | B7: PAOLA ANDRE TASCON | E7: Cargo: | F7: R/L | H7: Celular: | I7: 3104240635 | J7: Ciudad: | K7: TULUA
A8: E-mail: | B8: EMSODECO@HOTMAIL.COM | E8: Dirección: | F8: CALLE 24 NUMERO 23-25 | H8: Teléfono fijo: | J8: Departamento: | K8: VALLE
B12: 2. ALOJAMIENTO
B13: ITEM | C13: DESCRIPCION | D13: UNIDAD DE MEDIDA | E13: CANTIDAD | F13: Valor unitario IVA incluido | G13: Valor total IVA incluido
B14: 2 .Alojamiento-Disponibilidad del Inmueble completamente dotado. | C14: Alojamiento que incluye mobiliario: (Cama, colchón), ropa de cama (Protector de colchón, sábanas, fundas de almohada, cobijas), por usuario, y demás especificaciones técnicas.(Ver anexo técnico) | D14: Unidad | E14: 40 | F14: 597738 | G14: =+F14*E14 -> 23909520
B15: TOTAL | G15: =SUM(G14) -> 23909520
B17: ITEM | C17: DESCRIPCION | D17: UNIDAD DE MEDIDA | E17: CANTIDAD | F17: Valor unitario IVA incluido | G17: Valor total IVA incluido
B18: 3. Transporte Local-Alquiler de Vehículos -Transporte | C18: Alquiler vehículo para transporte de personas según ficha técnica | D18: Unidad | E18: 1 | F18: 8370372 | G18: =+F18*E18 -> 8370372
B19: TOTAL | G19: =SUM(G18) -> 8370372
B21: ITEM | C21: DESCRIPCION | D21: UNIDAD DE MEDIDA | E21: CANTIDAD | F21: Valor unitario IVA incluido | G21: Valor total IVA incluido
B22: 4. Apoyo para Comunicaciones | C22: Plan de telefonia movil que incluya datos | D22: Unidad | E22: 1 | F22: 65000 | G22: =+F22*E22 -> 65000
B23: TOTAL | G23: =SUM(G22) -> 65000
B25: 5. SUMINSTROS, DOTACIONES Y OTROS SERVICIOS
B26: ITEM | C26: DESCRIPCION | D26: UNIDAD DE MEDIDA | E26: CANTIDAD | F26: Valor unitario IVA incluido | G26: Valor total IVA incluido
B27: 5. Alimentación--Minuta alimentaria, según Ciclo de Menús y sus anexos. | C27: Desayuno( entrega diaria x 30 dias) | D27: Unidad | E27: 1 | F27: 8047 | G27: =+F27*E27 -> 8047
C28: Almuerzo (entrega Diaria x 30 días) | D28: Unidad | E28: 1 | F28: 15117 | G28: =+F28*E28 -> 15117
C29: Cena, entrega diaria x 30 días | D29: Unidad | E29: 1 | F29: 13713 | G29: =+F29*E29 -> 13713
C30: Refrigerio AM (entrega diaria x 30 días) | D30: Unidad | E30: 1 | F30: 6107 | G30: =+F30*E30 -> 6107
C31: Refrigerio PM (Entrega diaria x 30 días) | D31: Unidad | E31: 1 | F31: 6107 | G31: =+F31*E31 -> 6107
B32: TOTAL | G32: =SUM(G27:G31) -> 49091
B34: ITEM | C34: DESCRIPCION | D34: UNIDAD DE MEDIDA | E34: CANTIDAD | F34: Valor unitario IVA incluido | G34: Valor total IVA incluido
B35: 5.1 Mercados de apoyo (Familiar 4 miembros) | C35: Atun En Lomitos x 170 gr | D35: Unidad | E35: 12 | F35: 8588 | G35: =+F35*E35 -> 103056
C36: Leche En Polvo x 900 gr | D36: Unidad | E36: 2 | F36: 31829 | G36: =+F36*E36 -> 63658
C37: Sardinas En Salsa 425 gr. | D37: Unidad | E37: 2 | F37: 10005 | G37: =+F37*E37 -> 20010
C38: Frijol x 500 gr | D38: Unidad | E38: 3 | F38: 5022 | G38: =+F38*E38 -> 15066
C39: Lenteja x 500 gr | D39: Unidad | E39: 4 | F39: 4646 | G39: =+F39*E39 -> 18584
C40: Chocolate Pastas x 500gr | D40: Unidad | E40: 2 | F40: 10803 | G40: =+F40*E40 -> 21606
C41: Aceite x 3000 ml | D41: Unidad | E41: 1 | F41: 50798 | G41: =+F41*E41 -> 50798
C42: Arroz x 5000 | D42: Unidad | E42: 1 | F42: 36762 | G42: =+F42*E42 -> 36762
C43: Avena Hojuelas x 1000 gr | D43: Unidad | E43: 2 | F43: 10909 | G43: =+F43*E43 -> 21818
C44: Azucar x 500 gr | D44: Unidad | E44: 2 | F44: 3218 | G44: =+F44*E44 -> 6436
C45: Galletas De Sal x 500gr | D45: Paquete | E45: 4 | F45: 9132 | G45: =+F45*E45 -> 36528
C46: Harina de maíz amarilla x 500 gr | D46: Unidad | E46: 3 | F46: 5124 | G46: =+F46*E46 -> 15372
C47: Panela x 1000 gr | D47: Unidad | E47: 3 | F47: 6292 | G47: =+F47*E47 -> 18876
... C51: Jabon en barra azul para lavar ropa | D51: Unidad | E51: 1 | F51: 5323 | G51: =+F51*E51 -> 5323
B52: TOTAL | G52: =SUM(G35:G51) -> 459890
B54: ITEM | C54: DESCRIPCION | D54: UNIDAD DE MEDIDA | E54: CANTIDAD | F54: Valor unitario IVA incluido | G54: Valor total IVA incluido
B55: 5.2.1 Kit de aseo para niños de 0 meses a 2 años, dentro y fuera del albergue. | C55: Crema antipañalitis 100gr | D55: Unidad | E55: 1 | F55: 63041 | G55: =+F55*E55 -> 63041
C56: Pañales | D56: Unidad | E56: 150 | F56: 2418 | G56: =+F56*E56 -> 362700
C57: Pañitos Húmedos paquete x 100 unds | D57: Unidad | E57: 4 | F57: 13377 | G57: =+F57*E57 -> 53508
B58: 5.2.2 Kit de aseo para niños de 2 años a 11 años, dentro y fuera del albergue. Nota: El papel higiénico y el jabón azul solo aplica para los usuarios del albergue | C58: Cepillo de dientes para adulto tipo mediano de mango flexible | D58: Unidad | E58: 1 | F58: 3973 | G58: =+F58*E58 -> 3973
C59: Crema dental tubo de 150 gr | D59: Unidad | E59: 1 | F59: 20137 | G59: =+F59*E59 -> 20137
C60: Jabón de baño de 110 gr. | D60: Unidad | E60: 1 | F60: 4250 | G60: =+F60*E60 -> 4250
C61: Shampoo de 100ml | D61: Unidad | E61: 1 | F61: 10559 | G61: =+F61*E61 -> 10559
C62: Papel higiénico rollo x 4 unds | D62: Paquete | E62: 1 | F62: 13043 | G62: =+F62*E62 -> 13043
C63: Jabón de barra azul para lavar ropa | D63: Unidad | E63: 1 | F63: 5323 | G63: =+F63*E63 -> 5323
B64: 5.2.3 Kit de aseo para personas mayores de 12 años (inclusive) en adelante, dentro y fuera del albergue. Nota: El papel higiénico y el jabón azul solo aplica para los usuarios del albergue | C64: Cuchilla de afeitar desechable (entrega solo para adultos) y menores de edad con supervisión de padres o tutores) | D64: Unidad | E64: 1 | F64: 3887 | G64: =+F64*E64 -> 3887
C65: Cepillo de dientes para adulto tipo mediano de mango flexible | D65: Unidad | E65: 1 | F65: 3810 | G65: =+F65*E65 -> 3810
C66: Crema dental tubo de 150 gr | D66: Unidad | E66: 1 | F66: 20137 | G66: =+F66*E66 -> 20137
C67: Jabón de baño de 110 gr. | D67: Unidad | E67: 1 | F67: 4250 | G67: =+F67*E67 -> 4250
C68: Desodorante en rollon 60 gr | D68: unidad | E68: 1 | F68: 6146 | G68: =+F68*E68 -> 6146
C69: Paquete de toallas higiénicas o sanitarias por diez unidades (entrega solo a mujeres menstruantes ) | D69: Paquete | E69: 1 | F69: 15024 | G69: =+F69*E69 -> 15024
C70: Shampoo de 100ml | D70: Unidad | E70: 1 | F70: 11252 | G70: =+F70*E70 -> 11252
C71: Papel higiénico rollo x 4 unds | D71: Paquete | E71: 1 | F71: 13043 | G71: =+F71*E71 -> 13043
C72: Jabón de barra azul para lavar ropa | D72: Unidad | E72: 1 | F72: 5323 | G72: =+F72*E72 -> 5323
B73: 5.2.4 Pañal adulto | C73: Pañal adulto a demanda | D73: Unidad | E73: 1 | F73: 6373 | G73: =+F73*E73 -> 6373
B74: TOTAL | G74: =SUM(G55:G73) -> 625779
B76: ITEM | C76: DESCRIPCION | D76: UNIDAD DE MEDIDA | E76: CANTIDAD | F76: Valor unitario IVA incluido | G76: Valor total IVA incluido
B77: 5.2.5 Toalla de cuerpo (dentro del albergue) | C77: Toalla 70x140 cm , en fibra natural 100% algodón. | D77: Unidad | E77: 1 | F77: 49258 | G77: =+F77*E77 -> 49258
B78: TOTAL
B80: ITEM | C80: DESCRIPCION | D80: UNIDAD DE MEDIDA | E80: CANTIDAD | F80: Valor unitario IVA incluido | G80: Valor total IVA incluido
B81: 5.3 Botiquín Tipo A para el albergue | C81: Botiquin tipo A | D81: Unidad | E81: 1 | F81: 159119 | G81: =+F81*E81 -> 159119
B82: TOTAL
B83: ITEM | C83: DESCRIPCION | D83: UNIDAD DE MEDIDA | E83: CANTIDAD | F83: Valor unitario IVA incluido | G83: Valor total IVA incluido
B84: 5.4 Apoyo Logístico Mesas de participación y Comités. | C84: Apoyo logístico: Equipos audiovisuales; video bean, equipo de sonido, portátil, para reuniones mesas de participación y comités de victimas | D84: Unidad | E84: 1 | F84: 186149 | G84: =+F84*E84 -> 186149
C85: Apoyo logístico: estación de café y agua, para reuniones mesas de participación y comités de victimas | D85: Unidad | E85: 1 | F85: 316250 | G85: =+F85*E85 -> 316250
C86: Apoyo logístico: Alquiler de sitio con silletería para reuniones y mesas de participación y comités de victimas | D86: Unidad | E86: 1 | F86: 1317709 | G86: =+F86*E86 -> 1317709
B87: TOTAL | G87: =SUM(G84:G86) -> 1820108
B89: ITEM | C89: DESCRIPCION | D89: UNIDAD DE MEDIDA | E89: CANTIDAD | F89: Valor unitario IVA incluido | G89: Valor total IVA incluido
B90: 5.5 FORMULAS INFANTILES (Se harán entregas para los niños que permanecen en el albergue y para los que se encuentran por fuera de él previa verificación) | C90: Fórmula infantil de 400 gr (recién nacido) dentro y fuera del albergue (Se estiman hasta 7 entregas a cada beneficiario durante el mes, de acuerdo a la necesidad y previa verificación por parte del equipo psicosocial del programa). | D90: Unidad | E90: 1 | F90: 96293.253 | G90: =+F90*E90 -> 96293.253
C91: Fórmula infantil de 400 gr (1 mes), dentro y fuera del albergue (Se estiman hasta 10 entregas a cada beneficiario durante el mes, de acuerdo a la necesidad y previa verificación por parte del equipo psicosocial del programa). | D91: Unidad | E91: 1 | F91: 96293.253 | G91: =+F91*E91 -> 96293.253
C92: Fórmula infantil de 400 gr (2 - 3 meses), dentro y fuera del albergue albergue ( Se estiman hasta 12 entregas a cada beneficiario durante el mes, de acuerdo a la necesidad y previa verificación por parte del equipo psicosocial del programa) | D92: Unidad | E92: 1 | F92: 96293.253 | G92: =+F92*E92 -> 96293.253
C93: Fórmula infantil de 400 gr (4 - 6 meses), dentro y fuera del albergue ( Se estiman hasta 18 entregas a cada beneficiario durante el mes, de acuerdo a la necesidad y previa verificación por parte del equipo psicosocial del programa) | D93: Unidad | E93: 1 | F93: 96293.253 | G93: =+F93*E93 -> 96293.253
B94: TOTAL | G94: =SUM(G90:G93) -> 385173.01
B96: SUMINSTROS, DOTACIONES Y OTROS SERVICIOS
B97: ITEM | C97: DESCRIPCION | D97: UNIDAD DE MEDIDA | E97: CANTIDAD | F97: Valor unitario IVA incluido | G97: Valor total IVA incluido
B98: 5.6 Kit de vestuario (Se entrega 1 vez por cada usuario, previa valoración del equipo psicosocial del programa de víctimas). NOTA: de acuerdo al enfoque diferencial. | C98: Camiseta tipo polo en poliéster tallas varias | D98: Unidad | E98: 1 | F98: 56743 | G98: =+F98*E98 -> 56743
C99: Pantalón o sudadera de color oscuro preferiblemente, tallas varias. | D99: Unidad | E99: 1 | F99: 79002 | G99: =+F99*E99 -> 79002
C100: Bóxer hombre x 3 unds, diversas tallas, diversos colores | D100: Paquete | E100: 1 | F100: 185915 | G100: =+F100*E100 -> 185915
C101: Par Medias para hombre | D101: Par | E101: 2 | F101: 23638 | G101: =+F101*E101 -> 47276
C102: Zapatos deportivos hombre diversas tallas | D102: Par | E102: 1 | F102: 120458 | G102: =+F102*E102 -> 120458
C103: Blusa para dama diversas tallas, diversos colores | D103: Unidad | E103: 1 | F103: 46894 | G103: =+F103*E103 -> 46894
C104: Panty para dama x 3 unds, diversas tallas | D104: Paquete | E104: 1 | F104: 181221 | G104: =+F104*E104 -> 181221
C105: Brasier x 2 unds, diversas tallas | D105: Paquete | E105: 1 | F105: 88361 | G105: =+F105*E105 -> 88361
C106: Pantalón o sudadera, tallas diversas | D106: Unidad | E106: 1 | F106: 85802 | G106: =+F106*E106 -> 85802
C107: Par de medias deportivas dama | D107: Par | E107: 2 | F107: 23710 | G107: =+F107*E107 -> 47420
C108: Zapatos dama deportivo, diversas tallas | D108: Par | E108: 1 | F108: 120458 | G108: =+F108*E108 -> 120458
C109: Kit vestuario (mujer bata y zapatos) población indígena | D109: Kit | E109: 1 | F109: 200886 | G109: =+F109*E109 -> 200886
C110: Kit bebés de 0 a 6 meses: (2 pijamas, 2 baberos, 2 mamelucos) | D110: Kit | E110: 1 | F110: 125000 | G110: =+F110*E110 -> 125000
B111: TOTAL
B113: ITEM | C113: DESCRIPCION | D113: UNIDAD DE MEDIDA | E113: CANTIDAD | F113: Valor unitario IVA incluido | G113: Valor total IVA incluido
B114: 5.7 Kit de cocina personal (Se entrega 1 vez cuando el usuario salga del albergue) y excepcionalmente a usuarios que no hacen uso del albergue, previa valoración del equipo psicosocial del programa de víctimas. | C114: Plato | D114: Unidad | E114: 1 | F114: 11960 | G114: =+F114*E114 -> 11960
C115: Vaso | D115: Unidad | E115: 1 | F115: 7124 | G115: =+F115*E115 -> 7124
C116: Kits cubiertos: cuchillo, tenedor, cuchara | D116: Unidad | E116: 1 | F116: 12064 | G116: =+F116*E116 -> 12064
B117: 5.8 Kit de cocina familiar x 4 miembros (Se entrega 1 vez cuando el usuario salga del albergue) ) y excepcionalmente a usuarios que no hacen uso del albergue, previa valoración del equipo psicosocial del programa de víctimas. | C117: Olla # 20 x 3 lts | D117: Unidad | E117: 1 | F117: 62400 | G117: =+F117*E117 -> 62400
C118: Sartén | D118: Unidad | E118: 1 | F118: 59280 | G118: =+F118*E118 -> 59280
C119: Juego utensilios de cocina (cucharon sopa, cuchara grande, fritos y cuchillo) | D119: Kit | E119: 1 | F119: 150800 | G119: =+F119*E119 -> 150800
...

Sheet SOLUCIONES LOGISTICAS
A1: v
A2: Denominación del Bien o Servicio: | B2: PRESTAR LOS SERVICIOS PARA BRINDAR ATENCIÓN HUMANITARIA A LA POBLACIÓN VÍCTIMA DEL CONFLICTO ARMADO INTERNO Y PARA APOYAR EL FUNCIONAMIENTO DE LA MESA DE PARTICIPACIÓN DE VÍCTIMAS DEL MUNICIPIO DE PEREIRA
A6: Empresa: | B6: SOLUCIONES LOGISTICAS LA FE S.A.S. | E6: Tipo de empresa | F6: Sin ánimo de lucro | I6: Fecha: | J6: 46268
A7: Contacto: | B7: AUGUSTO RAFAEL BENITEZ SIERRA | E7: Cargo: | F7: Representante Legal | I7: Ciudad: | J7: Manizales
A8: E-mail: | B8: Subgerencia@solucioneslogisticaslafe.com | E8: Dirección: | F8: Calle 23 Nº. 21-45 Edificio BCH Oficina 1003-B Plaza de Bolivar | I8: Departamento: | J8: Caldas
B12: 2. ALOJAMIENTO
B13: ITEM | C13: DESCRIPCION | D13: UNIDAD DE MEDIDA | E13: CANTIDAD | F13: Valor unitario IVA incluido | G13: Valor total IVA incluido
B14: 2 .Alojamiento-Disponibilidad del Inmueble completamente dotado. | C14: Alojamiento que incluye mobiliario: (Cama, colchón), ropa de cama (Protector de colchón, sábanas, fundas de almohada, cobijas), por usuario, y demás especificaciones técnicas.(Ver anexo técnico) | D14: Unidad | E14: 40 | F14: =('[1]cotizacion 1'!F14*2%)+'[1]cotizacion 1'!F14 -> 609692.76 | G14: =+F14*E14 -> 24387710
B15: TOTAL | G15: =SUM(G14) -> 24387710
B17: ITEM | C17: DESCRIPCION | D17: UNIDAD DE MEDIDA | E17: CANTIDAD | F17: Valor unitario IVA incluido | G17: Valor total IVA incluido
B18: 3. Transporte Local-Alquiler de Vehículos -Transporte | C18: Alquiler vehículo para transporte de personas según ficha técnica | D18: Unidad | E18: 1 | F18: =('[1]cotizacion 1'!F18*2%)+'[1]cotizacion 1'!F18 -> 8537779.4 | G18: =+F18*E18 -> 8537779.4
B19: TOTAL | G19: =SUM(G18) -> 8537779.4
B21: ITEM | C21: DESCRIPCION | D21: UNIDAD DE MEDIDA | E21: CANTIDAD | F21: Valor unitario IVA incluido | G21: Valor total IVA incluido
B22: 4. Apoyo para Comunicaciones | C22: Plan de telefonia movil que incluya datos | D22: Unidad | E22: 1 | F22: 68250 | G22: =+F22*E22 -> 68250
B23: TOTAL | G23: =SUM(G22) -> 68250
B25: 5. SUMINSTROS, DOTACIONES Y OTROS SERVICIOS
B26: ITEM | C26: DESCRIPCION | D26: UNIDAD DE MEDIDA | E26: CANTIDAD | F26: Valor unitario IVA incluido | G26: Valor total IVA incluido
B27: 5. Alimentación--Minuta alimentaria, según Ciclo de Menús y sus anexos. | C27: Desayuno( entrega diaria x 30 dias) | D27: Unidad | E27: 1 | F27: =('[1]cotizacion 1'!F27*2%)+'[1]cotizacion 1'!F27 -> 8207.94 | G27: =+F27*E27 -> 8207.94
C28: Almuerzo (entrega Diaria x 30 días) | D28: Unidad | E28: 1 | F28: =('[1]cotizacion 1'!F28*2%)+'[1]cotizacion 1'!F28 -> 15419.34 | G28: =+F28*E28 -> 15419.34
C29: Cena, entrega diaria x 30 días | D29: Unidad | E29: 1 | F29: =('[1]cotizacion 1'!F29*2%)+'[1]cotizacion 1'!F29 -> 13987.26 | G29: =+F29*E29 -> 13987.26
C30: Refrigerio AM (entrega diaria x 30 días) | D30: Unidad | E30: 1 | F30: =('[1]cotizacion 1'!F30*2%)+'[1]cotizacion 1'!F30 -> 6229.14 | G30: =+F30*E30 -> 6229.14
C31: Refrigerio PM (Entrega diaria x 30 días) | D31: Unidad | E31: 1 | F31: =('[1]cotizacion 1'!F31*2%)+'[1]cotizacion 1'!F31 -> 6229.14 | G31: =+F31*E31 -> 6229.14
B32: TOTAL | G32: =SUM(G27:G31) -> 50072.82
B34: ITEM | C34: DESCRIPCION | D34: UNIDAD DE MEDIDA | E34: CANTIDAD | F34: Valor unitario IVA incluido | G34: Valor total IVA incluido
B35: 5.1 Mercados de apoyo (Familiar 4 miembros) | C35: Atun En Lomitos x 170 gr | D35: Unidad | E35: 12 | F35: =('[1]cotizacion 1'!F35*4%)+'[1]cotizacion 1'!F35 -> 8931.52 | G35: =+F35*E35 -> 107178.24
C36: Leche En Polvo x 900 gr | D36: Unidad | E36: 2 | F36: =('[1]cotizacion 1'!F36*4%)+'[1]cotizacion 1'!F36 -> 33102.16 | G36: =+F36*E36 -> 66204.32
C37: Sardinas En Salsa 425 gr. | D37: Unidad | E37: 2 | F37: =('[1]cotizacion 1'!F37*4%)+'[1]cotizacion 1'!F37 -> 10405.2 | G37: =+F37*E37 -> 20810.4
C38: Frijol x 500 gr | D38: Unidad | E38: 3 | F38: =('[1]cotizacion 1'!F38*4%)+'[1]cotizacion 1'!F38 -> 5222.88 | G38: =+F38*E38 -> 15668.64
C39: Lenteja x 500 gr | D39: Unidad | E39: 4 | F39: =('[1]cotizacion 1'!F39*4%)+'[1]cotizacion 1'!F39 -> 4831.84 | G39: =+F39*E39 -> 19327.36
C40: Chocolate Pastas x 500gr | D40: Unidad | E40: 2 | F40: =('[1]cotizacion 1'!F40*4%)+'[1]cotizacion 1'!F40 -> 11235.12 | G40: =+F40*E40 -> 22470.24
C41: Aceite x 3000 ml | D41: Unidad | E41: 1 | F41: =('[1]cotizacion 1'!F41*4%)+'[1]cotizacion 1'!F41 -> 52829.92 | G41: =+F41*E41 -> 52829.92
C42: Arroz x 5000 | D42: Unidad | E42: 1 | F42: =('[1]cotizacion 1'!F42*4%)+'[1]cotizacion 1'!F42 -> 38232.48 | G42: =+F42*E42 -> 38232.48
C43: Avena Hojuelas x 1000 gr | D43: Unidad | E43: 2 | F43: =('[1]cotizacion 1'!F43*4%)+'[1]cotizacion 1'!F43 -> 11345.36 | G43: =+F43*E43 -> 22690.72
C44: Azucar x 500 gr | D44: Unidad | E44: 2 | F44: =('[1]cotizacion 1'!F44*4%)+'[1]cotizacion 1'!F44 -> 3346.72 | G44: =+F44*E44 -> 6693.44
C45: Galletas De Sal x 500gr | D45: Paquete | E45: 4 | F45: =('[1]cotizacion 1'!F45*4%)+'[1]cotizacion 1'!F45 -> 9497.28 | G45: =+F45*E45 -> 37989.12
C46: Harina de maíz amarilla x 500 gr | D46: Unidad | E46: 3 | F46: =('[1]cotizacion 1'!F46*4%)+'[1]cotizacion 1'!F46 -> 5328.96 | G46: =+F46*E46 -> 15986.88
C47: Panela x 1000 gr | D47: Unidad | E47: 3 | F47: =('[1]cotizacion 1'!F47*4%)+'[1]cotizacion 1'!F47 -> 6543.68 | G47: =+F47*E47 -> 19631.04
... C51: Jabon en barra azul para lavar ropa | D51: Unidad | E51: 1 | F51: =('[1]cotizacion 1'!F51*4%)+'[1]cotizacion 1'!F51 -> 5535.92 | G51: =+F51*E51 -> 5535.92
B52: TOTAL | G52: =SUM(G35:G51) -> 478285.6
B54: ITEM | C54: DESCRIPCION | D54: UNIDAD DE MEDIDA | E54: CANTIDAD | F54: Valor unitario IVA incluido | G54: Valor total IVA incluido
B55: 5.2.1 Kit de aseo para niños de 0 meses a 2 años, dentro y fuera del albergue. | C55: Crema antipañalitis 100gr | D55: Unidad | E55: 1 | F55: =('[1]cotizacion 1'!F55*4%)+'[1]cotizacion 1'!F55 -> 65562.64 | G55: =+F55*E55 -> 65562.64
C56: Pañales | D56: Unidad | E56: 150 | F56: =('[1]cotizacion 1'!F56*4%)+'[1]cotizacion 1'!F56 -> 2514.72 | G56: =+F56*E56 -> 377208
C57: Pañitos Húmedos paquete x 100 unds | D57: Unidad | E57: 4 | F57: =('[1]cotizacion 1'!F57*4%)+'[1]cotizacion 1'!F57 -> 13912.08 | G57: =+F57*E57 -> 55648.32
B58: 5.2.2 Kit de aseo para niños de 2 años a 11 años, dentro y fuera del albergue. Nota: El papel higiénico y el jabón azul solo aplica para los usuarios del albergue | C58: Cepillo de dientes para adulto tipo mediano de mango flexible | D58: Unidad | E58: 1 | F58: =('[1]cotizacion 1'!F58*4%)+'[1]cotizacion 1'!F58 -> 4131.92 | G58: =+F58*E58 -> 4131.92
C59: Crema dental tubo de 150 gr | D59: Unidad | E59: 1 | F59: =('[1]cotizacion 1'!F59*4%)+'[1]cotizacion 1'!F59 -> 20942.48 | G59: =+F59*E59 -> 20942.48
C60: Jabón de baño de 110 gr. | D60: Unidad | E60: 1 | F60: =('[1]cotizacion 1'!F60*4%)+'[1]cotizacion 1'!F60 -> 4420 | G60: =+F60*E60 -> 4420
C61: Shampoo de 100ml | D61: Unidad | E61: 1 | F61: =('[1]cotizacion 1'!F61*4%)+'[1]cotizacion 1'!F61 -> 10981.36 | G61: =+F61*E61 -> 10981.36
C62: Papel higiénico rollo x 4 unds | D62: Paquete | E62: 1 | F62: =('[1]cotizacion 1'!F62*4%)+'[1]cotizacion 1'!F62 -> 13564.72 | G62: =+F62*E62 -> 13564.72
C63: Jabón de barra azul para lavar ropa | D63: Unidad | E63: 1 | F63: =('[1]cotizacion 1'!F63*4%)+'[1]cotizacion 1'!F63 -> 5535.92 | G63: =+F63*E63 -> 5535.92
B64: 5.2.3 Kit de aseo para personas mayores de 12 años (inclusive) en adelante, dentro y fuera del albergue. Nota: El papel higiénico y el jabón azul solo aplica para los usuarios del albergue | C64: Cuchilla de afeitar desechable (entrega solo para adultos) y menores de edad con supervisión de padres o tutores) | D64: Unidad | E64: 1 | F64: =('[1]cotizacion 1'!F64*4%)+'[1]cotizacion 1'!F64 -> 4042.48 | G64: =+F64*E64 -> 4042.48
C65: Cepillo de dientes para adulto tipo mediano de mango flexible | D65: Unidad | E65: 1 | F65: =('[1]cotizacion 1'!F65*4%)+'[1]cotizacion 1'!F65 -> 3962.4 | G65: =+F65*E65 -> 3962.4
C66: Crema dental tubo de 150 gr | D66: Unidad | E66: 1 | F66: =('[1]cotizacion 1'!F66*4%)+'[1]cotizacion 1'!F66 -> 20942.48 | G66: =+F66*E66 -> 20942.48
C67: Jabón de baño de 110 gr. | D67: Unidad | E67: 1 | F67: =('[1]cotizacion 1'!F67*4%)+'[1]cotizacion 1'!F67 -> 4420 | G67: =+F67*E67 -> 4420
C68: Desodorante en rollon 60 gr | D68: unidad | E68: 1 | F68: =('[1]cotizacion 1'!F68*4%)+'[1]cotizacion 1'!F68 -> 6391.84 | G68: =+F68*E68 -> 6391.84
C69: Paquete de toallas higiénicas o sanitarias por diez unidades (entrega solo a mujeres menstruantes ) | D69: Paquete | E69: 1 | F69: =('[1]cotizacion 1'!F69*4%)+'[1]cotizacion 1'!F69 -> 15624.96 | G69: =+F69*E69 -> 15624.96
C70: Shampoo de 100ml | D70: Unidad | E70: 1 | F70: =('[1]cotizacion 1'!F70*4%)+'[1]cotizacion 1'!F70 -> 11702.08 | G70: =+F70*E70 -> 11702.08
C71: Papel higiénico rollo x 4 unds | D71: Paquete | E71: 1 | F71: =('[1]cotizacion 1'!F71*4%)+'[1]cotizacion 1'!F71 -> 13564.72 | G71: =+F71*E71 -> 13564.72
C72: Jabón de barra azul para lavar ropa | D72: Unidad | E72: 1 | F72: =('[1]cotizacion 1'!F72*4%)+'[1]cotizacion 1'!F72 -> 5535.92 | G72: =+F72*E72 -> 5535.92
B73: 5.2.4 Pañal adulto | C73: Pañal adulto a demanda | D73: Unidad | E73: 1 | F73: =('[1]cotizacion 1'!F73*4%)+'[1]cotizacion 1'!F73 -> 6627.92 | G73: =+F73*E73 -> 6627.92
B74: TOTAL | G74: =SUM(G55:G73) -> 650810.16
B76: ITEM | C76: DESCRIPCION | D76: UNIDAD DE MEDIDA | E76: CANTIDAD | F76: Valor unitario IVA incluido | G76: Valor total IVA incluido
B77: 5.2.5 Toalla de cuerpo (dentro del albergue) | C77: Toalla 70x140 cm , en fibra natural 100% algodón. | D77: Unidad | E77: 1 | F77: =('[1]cotizacion 1'!F77*4%)+'[1]cotizacion 1'!F77 -> 51228.32 | G77: =+F77*E77 -> 51228.32
B78: TOTAL
B80: ITEM | C80: DESCRIPCION | D80: UNIDAD DE MEDIDA | E80: CANTIDAD | F80: Valor unitario IVA incluido | G80: Valor total IVA incluido
B81: 5.3 Botiquín Tipo A para el albergue | C81: Botiquin tipo A | D81: Unidad | E81: 1 | F81: =('[1]cotizacion 1'!F81*2%)+'[1]cotizacion 1'!F81 -> 162301.38 | G81: =+F81*E81 -> 162301.38
B82: TOTAL
B83: ITEM | C83: DESCRIPCION | D83: UNIDAD DE MEDIDA | E83: CANTIDAD | F83: Valor unitario IVA incluido | G83: Valor total IVA incluido
B84: 5.4 Apoyo Logístico Mesas de participación y Comités. | C84: Apoyo logístico: Equipos audiovisuales; video bean, equipo de sonido, portátil, para reuniones mesas de participación y comités de victimas | D84: Unidad | E84: 1 | F84: =('[1]cotizacion 1'!F84*5%)+'[1]cotizacion 1'!F84 -> 195456.45 | G84: =+F84*E84 -> 195456.45
C85: Apoyo logístico: estación de café y agua, para reuniones mesas de participación y comités de victimas | D85: Unidad | E85: 1 | F85: =('[1]cotizacion 1'!F85*5%)+'[1]cotizacion 1'!F85 -> 332062.5 | G85: =+F85*E85 -> 332062.5
C86: Apoyo logístico: Alquiler de sitio con silletería para reuniones y mesas de participación y comités de victimas | D86: Unidad | E86: 1 | F86: =('[1]cotizacion 1'!F86*5%)+'[1]cotizacion 1'!F86 -> 1383594.4 | G86: =+F86*E86 -> 1383594.4
B87: TOTAL | G87: =SUM(G84:G86) -> 1911113.4
B89: ITEM | C89: DESCRIPCION | D89: UNIDAD DE MEDIDA | E89: CANTIDAD | F89: Valor unitario IVA incluido | G89: Valor total IVA incluido
B90: 5.5 FORMULAS INFANTILES (Se harán entregas para los niños que permanecen en el albergue y para los que se encuentran por fuera de él previa verificación) | C90: Fórmula infantil de 400 gr (recién nacido) dentro y fuera del albergue (Se estiman hasta 7 entregas a cada beneficiario durante el mes, de acuerdo a la necesidad y previa verificación por parte del equipo psicosocial del programa). | D90: Unidad | E90: 1 | F90: =('[1]cotizacion 1'!F90*4%)+'[1]cotizacion 1'!F90 -> 100144.98 | G90: =+F90*E90 -> 100144.98
C91: Fórmula infantil de 400 gr (1 mes), dentro y fuera del albergue (Se estiman hasta 10 entregas a cada beneficiario durante el mes, de acuerdo a la necesidad y previa verificación por parte del equipo psicosocial del programa). | D91: Unidad | E91: 1 | F91: =('[1]cotizacion 1'!F91*4%)+'[1]cotizacion 1'!F91 -> 100144.98 | G91: =+F91*E91 -> 100144.98
C92: Fórmula infantil de 400 gr (2 - 3 meses), dentro y fuera del albergue albergue ( Se estiman hasta 12 entregas a cada beneficiario durante el mes, de acuerdo a la necesidad y previa verificación por parte del equipo psicosocial del programa) | D92: Unidad | E92: 1 | F92: =('[1]cotizacion 1'!F92*4%)+'[1]cotizacion 1'!F92 -> 100144.98 | G92: =+F92*E92 -> 100144.98
C93: Fórmula infantil de 400 gr (4 - 6 meses), dentro y fuera del albergue ( Se estiman hasta 18 entregas a cada beneficiario durante el mes, de acuerdo a la necesidad y previa verificación por parte del equipo psicosocial del programa) | D93: Unidad | E93: 1 | F93: =('[1]cotizacion 1'!F93*4%)+'[1]cotizacion 1'!F93 -> 100144.98 | G93: =+F93*E93 -> 100144.98
B94: TOTAL | G94: =SUM(G90:G93) -> 400579.93
B96: SUMINSTROS, DOTACIONES Y OTROS SERVICIOS
B97: ITEM | C97: DESCRIPCION | D97: UNIDAD DE MEDIDA | E97: CANTIDAD | F97: Valor unitario IVA incluido | G97: Valor total IVA incluido
B98: 5.6 Kit de vestuario (Se entrega 1 vez por cada usuario, previa valoración del equipo psicosocial del programa de víctimas). NOTA: de acuerdo al enfoque diferencial. | C98: Camiseta tipo polo en poliéster tallas varias | D98: Unidad | E98: 1 | F98: =('[1]cotizacion 1'!F98*4%)+'[1]cotizacion 1'!F98 -> 59012.72 | G98: =+F98*E98 -> 59012.72
C99: Pantalón o sudadera de color oscuro preferiblemente, tallas varias. | D99: Unidad | E99: 1 | F99: =('[1]cotizacion 1'!F99*4%)+'[1]cotizacion 1'!F99 -> 82162.08 | G99: =+F99*E99 -> 82162.08
C100: Bóxer hombre x 3 unds, diversas tallas, diversos colores | D100: Paquete | E100: 1 | F100: =('[1]cotizacion 1'!F100*4%)+'[1]cotizacion 1'!F100 -> 193351.6 | G100: =+F100*E100 -> 193351.6
C101: Par Medias para hombre | D101: Par | E101: 2 | F101: =('[1]cotizacion 1'!F101*4%)+'[1]cotizacion 1'!F101 -> 24583.52 | G101: =+F101*E101 -> 49167.04
C102: Zapatos deportivos hombre diversas tallas | D102: Par | E102: 1 | F102: =('[1]cotizacion 1'!F102*4%)+'[1]cotizacion 1'!F102 -> 125276.32 | G102: =+F102*E102 -> 125276.32
C103: Blusa para dama diversas tallas, diversos colores | D103: Unidad | E103: 1 | F103: =('[1]cotizacion 1'!F103*4%)+'[1]cotizacion 1'!F103 -> 48769.76 | G103: =+F103*E103 -> 48769.76
C104: Panty para dama x 3 unds, diversas tallas | D104: Paquete | E104: 1 | F104: =('[1]cotizacion 1'!F104*4%)+'[1]cotizacion 1'!F104 -> 188469.84 | G104: =+F104*E104 -> 188469.84
C105: Brasier x 2 unds, diversas tallas | D105: Paquete | E105: 1 | F105: =('[1]cotizacion 1'!F105*4%)+'[1]cotizacion 1'!F105 -> 91895.44 | G105: =+F105*E105 -> 91895.44
C106: Pantalón o sudadera, tallas diversas | D106: Unidad | E106: 1 | F106: =('[1]cotizacion 1'!F106*4%)+'[1]cotizacion 1'!F106 -> 89234.08 | G106: =+F106*E106 -> 89234.08
C107: Par de medias deportivas dama | D107: Par | E107: 2 | F107: =('[1]cotizacion 1'!F107*4%)+'[1]cotizacion 1'!F107 -> 24658.4 | G107: =+F107*E107 -> 49316.8
C108: Zapatos dama deportivo, diversas tallas | D108: Par | E108: 1 | F108: =('[1]cotizacion 1'!F108*4%)+'[1]cotizacion 1'!F108 -> 125276.32 | G108: =+F108*E108 -> 125276.32
C109: Kit vestuario (mujer bata y zapatos) población indígena | D109: Kit | E109: 1 | F109: =('[1]cotizacion 1'!F109*4%)+'[1]cotizacion 1'!F109 -> 208921.44 | G109: =+F109*E109 -> 208921.44
C110: Kit bebés de 0 a 6 meses: (2 pijamas, 2 baberos, 2 mamelucos) | D110: Kit | E110: 1 | F110: =('[1]cotizacion 1'!F110*4%)+'[1]cotizacion 1'!F110 -> 130000 | G110: =+F110*E110 -> 130000
B111: TOTAL
B113: ITEM | C113: DESCRIPCION | D113: UNIDAD DE MEDIDA | E113: CANTIDAD | F113: Valor unitario IVA incluido | G113: Valor total IVA incluido
B114: 5.7 Kit de cocina personal (Se entrega 1 vez cuando el usuario salga del albergue) y excepcionalmente a usuarios que no hacen uso del albergue, previa valoración del equipo psicosocial del programa de víctimas. | C114: Plato | D114: Unidad | E114: 1 | F114: 12558 | G114: =+F114*E114 -> 12558
C115: Vaso | D115: Unidad | E115: 1 | F115: 7480.2 | G115: =+F115*E115 -> 7480.2
C116: Kits cubiertos: cuchillo, tenedor, cuchara | D116: Unidad | E116: 1 | F116: 12667.2 | G116: =+F116*E116 -> 12667.2
B117: 5.8 Kit de cocina familiar x 4 miembros (Se entrega 1 vez cuando el usuario salga del albergue) ) y excepcionalmente a usuarios que no hacen uso del albergue, previa valoración del equipo psicosocial del programa de víctimas. | C117: Olla # 20 x 3 lts | D117: Unidad | E117: 1 | F117: 65520 | G117: =+F117*E117 -> 65520
C118: Sartén | D118: Unidad | E118: 1 | F118: 62244 | G118: =+F118*E118 -> 62244
C119: Juego utensilios de cocina (cucharon sopa, cuchara grande, fritos y cuchillo) | D119: Kit | E119: 1 | F119: 158340 | G119: =+F119*E119 -> 158340
...

Sheet FUNDAPROYECTOS
A3: FICHA TECNICA
A4: Denominación del Bien o Servicio: | B4: PRESTAR LOS SERVICIOS PARA BRINDAR ATENCIÓN HUMANITARIA A LA POBLACIÓN VÍCTIMA DEL CONFLICTO ARMADO INTERNO Y PARA APOYAR EL FUNCIONAMIENTO DE LA MESA DE PARTICIPACIÓN DE VÍCTIMAS DEL MUNICIPIO DE PEREIRA
A7: Empresa: | B7: FUNDA - PROYECTOS | D7: Tipo de empresa | E7: Sin ánimo de lucro | G7: Fecha: | H7: 46268
A8: Contacto: | B8: Mauricio Cortes | D8: Cargo: | E8: Director Tecnico | G8: Ciudad: | H8: Dosquebradas
A9: E-mail: | B9: gerenciafundaproyectos@gmail.com | D9: Dirección: | E9: Diagonal 14 A Transversal 4082 Casa 37 Pradera Hacienda Campestre, La Pradera | G9: Departamento: | H9: Risaralda
B12: 2. ALOJAMIENTO
B13: ITEM | C13: DESCRIPCION | D13: UNIDAD DE MEDIDA | E13: CANTIDAD | F13: Valor unitario IVA incluido | G13: Valor total IVA incluido
B14: 2 .Alojamiento-Disponibilidad del Inmueble completamente dotado. | C14: Alojamiento que incluye mobiliario: (Cama, colchón), ropa de cama (Protector de colchón, sábanas, fundas de almohada, cobijas), por usuario, y demás especificaciones técnicas.(Ver anexo técnico) | D14: Unidad | E14: 40 | F14: =('[1]corizacion 2'!F14*2%)+'[1]corizacion 2'!F14 -> 621886.62 | G14: =+F14*E14 -> 24875465
B15: TOTAL | G15: =SUM(G14) -> 24875465
B17: ITEM | C17: DESCRIPCION | D17: UNIDAD DE MEDIDA | E17: CANTIDAD | F17: Valor unitario IVA incluido | G17: Valor total IVA incluido
B18: 3. Transporte Local-Alquiler de Vehículos -Transporte | C18: Alquiler vehículo para transporte de personas según ficha técnica | D18: Unidad | E18: 1 | F18: =('[1]corizacion 2'!F18*2%)+'[1]corizacion 2'!F18 -> 8708535 | G18: =+F18*E18 -> 8708535
B19: TOTAL | G19: =SUM(G18) -> 8708535
B21: ITEM | C21: DESCRIPCION | D21: UNIDAD DE MEDIDA | E21: CANTIDAD | F21: Valor unitario IVA incluido | G21: Valor total IVA incluido
B22: 4. Apoyo para Comunicaciones | C22: Plan de telefonia movil que incluya datos | D22: Unidad | E22: 1 | F22: 69615 | G22: =+F22*E22 -> 69615
B23: TOTAL | G23: =SUM(G22) -> 69615
B25: 5. SUMINSTROS, DOTACIONES Y OTROS SERVICIOS
B26: ITEM | C26: DESCRIPCION | D26: UNIDAD DE MEDIDA | E26: CANTIDAD | F26: Valor unitario IVA incluido | G26: Valor total IVA incluido
B27: 5. Alimentación--Minuta alimentaria, según Ciclo de Menús y sus anexos. | C27: Desayuno( entrega diaria x 30 dias) | D27: Unidad | E27: 1 | F27: 9675.414 | G27: =+F27*E27 -> 9675.414
C28: Almuerzo (entrega Diaria x 30 días) | D28: Unidad | E28: 1 | F28: 17462.655 | G28: =+F28*E28 -> 17462.655
C29: Cena, entrega diaria x 30 días | D29: Unidad | E29: 1 | F29: 17066.385 | G29: =+F29*E29 -> 17066.385
C30: Refrigerio AM (entrega diaria x 30 días) | D30: Unidad | E30: 1 | F30: 7289.226 | G30: =+F30*E30 -> 7289.226
C31: Refrigerio PM (Entrega diaria x 30 días) | D31: Unidad | E31: 1 | F31: 7289.226 | G31: =+F31*E31 -> 7289.226
B32: TOTAL | G32: =SUM(G27:G31) -> 58782.906
B34: ITEM | C34: DESCRIPCION | D34: UNIDAD DE MEDIDA | E34: CANTIDAD | F34: Valor unitario IVA incluido | G34: Valor total IVA incluido
B35: 5.1 Mercados de apoyo (Familiar 4 miembros) | C35: Atun En Lomitos x 170 gr | D35: Unidad | E35: 12 | F35: =('[1]corizacion 2'!F35*4%)+'[1]corizacion 2'!F35 -> 9288.7808 | G35: =+F35*E35 -> 111465.37
C36: Leche En Polvo x 900 gr | D36: Unidad | E36: 2 | F36: =('[1]corizacion 2'!F36*4%)+'[1]corizacion 2'!F36 -> 34426.246 | G36: =+F36*E36 -> 68852.493
C37: Sardinas En Salsa 425 gr. | D37: Unidad | E37: 2 | F37: =('[1]corizacion 2'!F37*4%)+'[1]corizacion 2'!F37 -> 10821.408 | G37: =+F37*E37 -> 21642.816
C38: Frijol x 500 gr | D38: Unidad | E38: 3 | F38: =('[1]corizacion 2'!F38*4%)+'[1]corizacion 2'!F38 -> 5431.7952 | G38: =+F38*E38 -> 16295.386
C39: Lenteja x 500 gr | D39: Unidad | E39: 4 | F39: =('[1]corizacion 2'!F39*4%)+'[1]corizacion 2'!F39 -> 5025.1136 | G39: =+F39*E39 -> 20100.454
C40: Chocolate Pastas x 500gr | D40: Unidad | E40: 2 | F40: =('[1]corizacion 2'!F40*4%)+'[1]corizacion 2'!F40 -> 11684.525 | G40: =+F40*E40 -> 23369.05
C41: Aceite x 3000 ml | D41: Unidad | E41: 1 | F41: =('[1]corizacion 2'!F41*4%)+'[1]corizacion 2'!F41 -> 54943.117 | G41: =+F41*E41 -> 54943.117
C42: Arroz x 5000 | D42: Unidad | E42: 1 | F42: =('[1]corizacion 2'!F42*4%)+'[1]corizacion 2'!F42 -> 39761.779 | G42: =+F42*E42 -> 39761.779
C43: Avena Hojuelas x 1000 gr | D43: Unidad | E43: 2 | F43: =('[1]corizacion 2'!F43*4%)+'[1]corizacion 2'!F43 -> 11799.174 | G43: =+F43*E43 -> 23598.349
C44: Azucar x 500 gr | D44: Unidad | E44: 2 | F44: =('[1]corizacion 2'!F44*4%)+'[1]corizacion 2'!F44 -> 3480.5888 | G44: =+F44*E44 -> 6961.1776
C45: Galletas De Sal x 500gr | D45: Paquete | E45: 4 | F45: =('[1]corizacion 2'!F45*4%)+'[1]corizacion 2'!F45 -> 9877.1712 | G45: =+F45*E45 -> 39508.685
C46: Harina de maíz amarilla x 500 gr | D46: Unidad | E46: 3 | F46: =('[1]corizacion 2'!F46*4%)+'[1]corizacion 2'!F46 -> 5542.1184 | G46: =+F46*E46 -> 16626.355
C47: Panela x 1000 gr | D47: Unidad | E47: 3 | F47: =('[1]corizacion 2'!F47*4%)+'[1]corizacion 2'!F47 -> 6805.4272 | G47: =+F47*E47 -> 20416.282
... C51: Jabon en barra azul para lavar ropa | D51: Unidad | E51: 1 | F51: =('[1]corizacion 2'!F51*4%)+'[1]corizacion 2'!F51 -> 5757.3568 | G51: =+F51*E51 -> 5757.3568
B52: TOTAL | G52: =SUM(G35:G51) -> 497417.02
B54: ITEM | C54: DESCRIPCION | D54: UNIDAD DE MEDIDA | E54: CANTIDAD | F54: Valor unitario IVA incluido | G54: Valor total IVA incluido
B55: 5.2.1 Kit de aseo para niños de 0 meses a 2 años, dentro y fuera del albergue. | C55: Crema antipañalitis 100gr | D55: Unidad | E55: 1 | F55: =('[1]corizacion 2'!F55*4%)+'[1]corizacion 2'!F55 -> 68185.146 | G55: =+F55*E55 -> 68185.146
C56: Pañales | D56: Unidad | E56: 150 | F56: =('[1]corizacion 2'!F56*4%)+'[1]corizacion 2'!F56 -> 2615.3088 | G56: =+F56*E56 -> 392296.32
C57: Pañitos Húmedos paquete x 100 unds | D57: Unidad | E57: 4 | F57: =('[1]corizacion 2'!F57*4%)+'[1]corizacion 2'!F57 -> 14468.563 | G57: =+F57*E57 -> 57874.253
B58: 5.2.2 Kit de aseo para niños de 2 años a 11 años, dentro y fuera del albergue. Nota: El papel higiénico y el jabón azul solo aplica para los usuarios del albergue | C58: Cepillo de dientes para adulto tipo mediano de mango flexible | D58: Unidad | E58: 1 | F58: =('[1]corizacion 2'!F58*4%)+'[1]corizacion 2'!F58 -> 4297.1968 | G58: =+F58*E58 -> 4297.1968
C59: Crema dental tubo de 150 gr | D59: Unidad | E59: 1 | F59: =('[1]corizacion 2'!F59*4%)+'[1]corizacion 2'!F59 -> 21780.179 | G59: =+F59*E59 -> 21780.179
C60: Jabón de baño de 110 gr. | D60: Unidad | E60: 1 | F60: =('[1]corizacion 2'!F60*4%)+'[1]corizacion 2'!F60 -> 4596.8 | G60: =+F60*E60 -> 4596.8
C61: Shampoo de 100ml | D61: Unidad | E61: 1 | F61: =('[1]corizacion 2'!F61*4%)+'[1]corizacion 2'!F61 -> 11420.614 | G61: =+F61*E61 -> 11420.614
C62: Papel higiénico rollo x 4 unds | D62: Paquete | E62: 1 | F62: =('[1]corizacion 2'!F62*4%)+'[1]corizacion 2'!F62 -> 14107.309 | G62: =+F62*E62 -> 14107.309
C63: Jabón de barra azul para lavar ropa | D63: Unidad | E63: 1 | F63: =('[1]corizacion 2'!F63*4%)+'[1]corizacion 2'!F63 -> 5757.3568 | G63: =+F63*E63 -> 5757.3568
B64: 5.2.3 Kit de aseo para personas mayores de 12 años (inclusive) en adelante, dentro y fuera del albergue. Nota: El papel higiénico y el jabón azul solo aplica para los usuarios del albergue | C64: Cuchilla de afeitar desechable (entrega solo para adultos) y menores de edad con supervisión de padres o tutores) | D64: Unidad | E64: 1 | F64: =('[1]corizacion 2'!F64*4%)+'[1]corizacion 2'!F64 -> 4204.1792 | G64: =+F64*E64 -> 4204.1792
C65: Cepillo de dientes para adulto tipo mediano de mango flexible | D65: Unidad | E65: 1 | F65: =('[1]corizacion 2'!F65*4%)+'[1]corizacion 2'!F65 -> 4120.896 | G65: =+F65*E65 -> 4120.896
C66: Crema dental tubo de 150 gr | D66: Unidad | E66: 1 | F66: =('[1]corizacion 2'!F66*4%)+'[1]corizacion 2'!F66 -> 21780.179 | G66: =+F66*E66 -> 21780.179
C67: Jabón de baño de 110 gr. | D67: Unidad | E67: 1 | F67: =('[1]corizacion 2'!F67*4%)+'[1]corizacion 2'!F67 -> 4596.8 | G67: =+F67*E67 -> 4596.8
C68: Desodorante en rollon 60 gr | D68: unidad | E68: 1 | F68: =('[1]corizacion 2'!F68*4%)+'[1]corizacion 2'!F68 -> 6647.5136 | G68: =+F68*E68 -> 6647.5136
C69: Paquete de toallas higiénicas o sanitarias por diez unidades (entrega solo a mujeres menstruantes ) | D69: Paquete | E69: 1 | F69: =('[1]corizacion 2'!F69*4%)+'[1]corizacion 2'!F69 -> 16249.958 | G69: =+F69*E69 -> 16249.958
C70: Shampoo de 100ml | D70: Unidad | E70: 1 | F70: =('[1]corizacion 2'!F70*4%)+'[1]corizacion 2'!F70 -> 12170.163 | G70: =+F70*E70 -> 12170.163
C71: Papel higiénico rollo x 4 unds | D71: Paquete | E71: 1 | F71: =('[1]corizacion 2'!F71*4%)+'[1]corizacion 2'!F71 -> 14107.309 | G71: =+F71*E71 -> 14107.309
C72: Jabón de barra azul para lavar ropa | D72: Unidad | E72: 1 | F72: =('[1]corizacion 2'!F72*4%)+'[1]corizacion 2'!F72 -> 5757.3568 | G72: =+F72*E72 -> 5757.3568
B73: 5.2.4 Pañal adulto | C73: Pañal adulto a demanda | D73: Unidad | E73: 1 | F73: =('[1]corizacion 2'!F73*4%)+'[1]corizacion 2'!F73 -> 6893.0368 | G73: =+F73*E73 -> 6893.0368
B74: TOTAL | G74: =SUM(G55:G73) -> 676842.57
B76: ITEM | C76: DESCRIPCION | D76: UNIDAD DE MEDIDA | E76: CANTIDAD | F76: Valor unitario IVA incluido | G76: Valor total IVA incluido
B77: 5.2.5 Toalla de cuerpo (dentro del albergue) | C77: Toalla 70x140 cm , en fibra natural 100% algodón. | D77: Unidad | E77: 1 | F77: =('[1]corizacion 2'!F77*4%)+'[1]corizacion 2'!F77 -> 53277.453 | G77: =+F77*E77 -> 53277.453
B78: TOTAL | G78: =SUM(G77) -> 53277.453
B80: ITEM | C80: DESCRIPCION | D80: UNIDAD DE MEDIDA | E80: CANTIDAD | F80: Valor unitario IVA incluido | G80: Valor total IVA incluido
B81: 5.3 Botiquín Tipo A para el albergue | C81: Botiquin tipo A | D81: Unidad | E81: 1 | F81: =('[1]corizacion 2'!F81*4%)+'[1]corizacion 2'!F81 -> 168793.44 | G81: =+F81*E81 -> 168793.44
B82: TOTAL
B84: ITEM | C84: DESCRIPCION | D84: UNIDAD DE MEDIDA | E84: CANTIDAD | F84: Valor unitario IVA incluido | G84: Valor total IVA incluido
B85: 5.4 Apoyo Logístico Mesas de participación y Comités. | C85: Apoyo logístico: Equipos audiovisuales; video bean, equipo de sonido, portátil, para reuniones mesas de participación y comités de victimas | D85: Unidad | E85: 1 | F85: =('[1]corizacion 2'!F84*5%)+'[1]corizacion 2'!F84 -> 205229.27 | G85: =+F85*E85 -> 205229.27
C86: Apoyo logístico: estación de café y agua, para reuniones mesas de participación y comités de victimas | D86: Unidad | E86: 1 | F86: =('[1]corizacion 2'!F85*5%)+'[1]corizacion 2'!F85 -> 348665.62 | G86: =+F86*E86 -> 348665.62
C87: Apoyo logístico: Alquiler de sitio con silletería para reuniones y mesas de participación y comités de victimas | D87: Unidad | E87: 1 | F87: =('[1]corizacion 2'!F86*5%)+'[1]corizacion 2'!F86 -> 1452774.2 | G87: =+F87*E87 -> 1452774.2
B88: TOTAL | G88: =SUM(G85:G87) -> 2006669.1
B90: ITEM | C90: DESCRIPCION | D90: UNIDAD DE MEDIDA | E90: CANTIDAD | F90: Valor unitario IVA incluido | G90: Valor total IVA incluido
B91: 5.5 FORMULAS INFANTILES (Se harán entregas para los niños que permanecen en el albergue y para los que se encuentran por fuera de él previa verificación) | C91: Fórmula infantil de 400 gr (recién nacido) dentro y fuera del albergue (Se estiman hasta 7 entregas a cada beneficiario durante el mes, de acuerdo a la necesidad y previa verificación por parte del equipo psicosocial del programa). | D91: Unidad | E91: 1 | F91: =('[1]corizacion 2'!F90*4%)+'[1]corizacion 2'!F90 -> 104150.78 | G91: =+F91*E91 -> 104150.78
C92: Fórmula infantil de 400 gr (1 mes), dentro y fuera del albergue (Se estiman hasta 10 entregas a cada beneficiario durante el mes, de acuerdo a la necesidad y previa verificación por parte del equipo psicosocial del programa). | D92: Unidad | E92: 1 | F92: =('[1]corizacion 2'!F91*4%)+'[1]corizacion 2'!F91 -> 104150.78 | G92: =+F92*E92 -> 104150.78
C93: Fórmula infantil de 400 gr (2 - 3 meses), dentro y fuera del albergue albergue ( Se estiman hasta 12 entregas a cada beneficiario durante el mes, de acuerdo a la necesidad y previa verificación por parte del equipo psicosocial del programa) | D93: Unidad | E93: 1 | F93: =('[1]corizacion 2'!F92*4%)+'[1]corizacion 2'!F92 -> 104150.78 | G93: =+F93*E93 -> 104150.78
C94: Fórmula infantil de 400 gr (4 - 6 meses), dentro y fuera del albergue ( Se estiman hasta 18 entregas a cada beneficiario durante el mes, de acuerdo a la necesidad y previa verificación por parte del equipo psicosocial del programa) | D94: Unidad | E94: 1 | F94: =('[1]corizacion 2'!F93*4%)+'[1]corizacion 2'!F93 -> 104150.78 | G94: =+F94*E94 -> 104150.78
B95: TOTAL | G95: =SUM(G91:G94) -> 416603.13
B97: SUMINSTROS, DOTACIONES Y OTROS SERVICIOS
B98: ITEM | C98: DESCRIPCION | D98: UNIDAD DE MEDIDA | E98: CANTIDAD | F98: Valor unitario IVA incluido | G98: Valor total IVA incluido
B99: 5.6 Kit de vestuario (Se entrega 1 vez por cada usuario, previa valoración del equipo psicosocial del programa de víctimas). NOTA: de acuerdo al enfoque diferencial. | C99: Camiseta tipo polo en poliéster tallas varias | D99: Unidad | E99: 1 | F99: =('[1]corizacion 2'!F98*4%)+'[1]corizacion 2'!F98 -> 61373.229 | G99: =+F99*E99 -> 61373.229
C100: Pantalón o sudadera de color oscuro preferiblemente, tallas varias. | D100: Unidad | E100: 1 | F100: =('[1]corizacion 2'!F99*4%)+'[1]corizacion 2'!F99 -> 85448.563 | G100: =+F100*E100 -> 85448.563
C101: Bóxer hombre x 3 unds, diversas tallas, diversos colores | D101: Paquete | E101: 1 | F101: =('[1]corizacion 2'!F100*4%)+'[1]corizacion 2'!F100 -> 201085.66 | G101: =+F101*E101 -> 201085.66
C102: Par Medias para hombre | D102: Par | E102: 2 | F102: =('[1]corizacion 2'!F101*4%)+'[1]corizacion 2'!F101 -> 25566.861 | G102: =+F102*E102 -> 51133.722
C103: Zapatos deportivos hombre diversas tallas | D103: Par | E103: 1 | F103: =('[1]corizacion 2'!F102*4%)+'[1]corizacion 2'!F102 -> 130287.37 | G103: =+F103*E103 -> 130287.37
C104: Blusa para dama diversas tallas, diversos colores | D104: Unidad | E104: 1 | F104: =('[1]corizacion 2'!F103*4%)+'[1]corizacion 2'!F103 -> 50720.55 | G104: =+F104*E104 -> 50720.55
C105: Panty para dama x 3 unds, diversas tallas | D105: Paquete | E105: 1 | F105: =('[1]corizacion 2'!F104*4%)+'[1]corizacion 2'!F104 -> 196008.63 | G105: =+F105*E105 -> 196008.63
C106: Brasier x 2 unds, diversas tallas | D106: Paquete | E106: 1 | F106: =('[1]corizacion 2'!F105*4%)+'[1]corizacion 2'!F105 -> 95571.258 | G106: =+F106*E106 -> 95571.258
C107: Pantalón o sudadera, tallas diversas | D107: Unidad | E107: 1 | F107: =('[1]corizacion 2'!F106*4%)+'[1]corizacion 2'!F106 -> 92803.443 | G107: =+F107*E107 -> 92803.443
C108: Par de medias deportivas dama | D108: Par | E108: 2 | F108: =('[1]corizacion 2'!F107*4%)+'[1]corizacion 2'!F107 -> 25644.736 | G108: =+F108*E108 -> 51289.472
C109: Zapatos dama deportivo, diversas tallas | D109: Par | E109: 1 | F109: =('[1]corizacion 2'!F108*4%)+'[1]corizacion 2'!F108 -> 130287.37 | G109: =+F109*E109 -> 130287.37
C110: Kit vestuario (mujer bata y zapatos) población indígena | D110: Kit | E110: 1 | F110: =('[1]corizacion 2'!F109*4%)+'[1]corizacion 2'!F109 -> 217278.3 | G110: =+F110*E110 -> 217278.3
C111: Kit bebés de 0 a 6 meses: (2 pijamas, 2 baberos, 2 mamelucos) | D111: Kit | E111: 1 | F111: =('[1]corizacion 2'!F110*4%)+'[1]corizacion 2'!F110 -> 135200 | G111: =+F111*E111 -> 135200
B112: TOTAL | G112: =SUM(G99:G111) -> 1498487.6
B114: ITEM | C114: DESCRIPCION | D114: UNIDAD DE MEDIDA | E114: CANTIDAD | F114: Valor unitario IVA incluido | G114: Valor total IVA incluido
B115: 5.7 Kit de cocina personal (Se entrega 1 vez cuando el usuario salga del albergue) y excepcionalmente a usuarios que no hacen uso del albergue, previa valoración del equipo psicosocial del programa de víctimas. | C115: Plato | D115: Unidad | E115: 1 | F115: 12558 | G115: =+F115*E115 -> 12558
C116: Vaso | D116: Unidad | E116: 1 | F116: 7480.2 | G116: =+F116*E116 -> 7480.2
C117: Kits cubiertos: cuchillo, tenedor, cuchara | D117: Unidad | E117: 1 | F117: 12667.2 | G117: =+F117*E117 -> 12667.2
B118: 5.8 Kit de cocina familiar x 4 miembros (Se entrega 1 vez cuando el usuario salga del albergue) ) y excepcionalmente a usuarios que no hacen uso del albergue, previa valoración del equipo psicosocial del programa de víctimas. | C118: Olla # 20 x 3 lts | D118: Unidad | E118: 1 | F118: 65520 | G118: =+F118*E118 -> 65520
C119: Sartén | D119: Unidad | E119: 1 | F119: 62244 | G119: =+F119*E119 -> 62244
C120: Juego utensilios de cocina (cucharon sopa, cuchara grande, fritos y cuchillo) | D120: Kit | E120: 1 | F120: 158340 | G120: =+F120*E120 -> 158340
...

Sheet PRESUPUESTO
A1: PRESUPUESTO OFICAL MUNICIPIO DE PEREIRA
A2: Denominación del Bien o Servicio: | B2: PRESTAR LOS SERVICIOS PARA BRINDAR ATENCIÓN HUMANITARIA A LA POBLACIÓN VÍCTIMA DEL CONFLICTO ARMADO INTERNO Y PARA APOYAR EL FUNCIONAMIENTO DE LA MESA DE PARTICIPACIÓN DE VÍCTIMAS DEL MUNICIPIO DE PEREIRA
B6: 2. ALOJAMIENTO
F7: COT 1 | G7: COT 2 | H7: COT 3 | J7: PLAZO | K7: 40 | L7: 8
B8: ITEM | C8: DESCRIPCION | D8: UNIDAD DE MEDIDA | E8: CANTIDAD | F8: Valor unitario IVA incluido | G8: Valor unitario IVA incluido | H8: Valor unitario IVA incluido | I8: VALOR UNITARIO PROMEDIO | J8: VALOR MES | K8: VIGENCIA 2026 | L8: VIGENCIA 2027
B9: 2 .Alojamiento-Disponibilidad del Inmueble completamente dotado. | C9: Alojamiento que incluye mobiliario: (Cama, colchón), ropa de cama (Protector de colchón, sábanas, fundas de almohada, cobijas), por usuario, y demás especificaciones técnicas.(Ver anexo técnico) | D9: Unidad | E9: 40 | F9: 597738 | G9: ='SOLUCIONES LOGISTICAS'!F14 -> 609692.76 | H9: =FUNDAPROYECTOS!F14 -> 621886.62 | I9: =AVERAGE(F9:H9) -> 609772.46 | J9: =E9*I9 -> 24390898 | K9: =J9/30*$K$7 -> 32521198 | L9: =J9*$L$7 -> 1.9512719e+08
B10: TOTAL MES | I10: =SUM(I9) -> 609772.46 | J10: =SUM(J9) -> 24390898 | K10: =SUM(K9) -> 32521198 | L10: =SUM(L9) -> 1.9512719e+08
B12: ITEM | C12: DESCRIPCION | D12: UNIDAD DE MEDIDA | E12: CANTIDAD | F12: Valor unitario IVA incluido | G12: Valor unitario IVA incluido | H12: Valor unitario IVA incluido | I12: VALOR UNITARIO PROMEDIO | J12: VALOR MES | K12: VIGENCIA 2026 | L12: VIGENCIA 2027
B13: 3. Transporte Local-Alquiler de Vehículos -a todo costo | C13: Alquiler vehículo para transporte de personas a todo costo- según ficha técnica | D13: Unidad | E13: 1 | F13: 8370372 | G13: ='SOLUCIONES LOGISTICAS'!F18 -> 8537779.4 | H13: =FUNDAPROYECTOS!F18 -> 8708535 | I13: =AVERAGE(F13:H13) -> 8538895.5 | J13: =E13*I13 -> 8538895.5 | K13: =J13/30*$K$7 -> 11385194 | L13: =J13*$L$7 -> 68311164
B14: TOTAL | I14: =SUM(I13) -> 8538895.5 | J14: =SUM(J13) -> 8538895.5 | K14: =SUM(K13) -> 11385194 | L14: =SUM(L13) -> 68311164
B16: ITEM | C16: DESCRIPCION | D16: UNIDAD DE MEDIDA | E16: CANTIDAD | F16: Valor unitario IVA incluido | G16: Valor unitario IVA incluido | H16: Valor unitario IVA incluido | I16: VALOR UNITARIO PROMEDIO | J16: VALOR MES | K16: VIGENCIA 2026 | L16: VIGENCIA 2027
B17: 4. Apoyo para Comunicaciones | C17: Plan de telefonia movil que incluya datos | D17: Unidad | E17: 1 | F17: 65000 | G17: ='SOLUCIONES LOGISTICAS'!F22 -> 68250 | H17: =FUNDAPROYECTOS!F22 -> 69615 | I17: =AVERAGE(F17:H17) -> 67621.667 | J17: =E17*I17 -> 67621.667 | K17: =J17/30*$K$7 -> 90162.222 | L17: =J17*$L$7 -> 540973.33
B18: TOTAL | I18: =SUM(I17) -> 67621.667 | J18: =SUM(J17) -> 67621.667 | K18: =SUM(K17) -> 90162.222 | L18: =SUM(L17) -> 540973.33
B20: 5. SUMINSTROS, DOTACIONES Y OTROS SERVICIOS
B21: ITEM | C21: DESCRIPCION | D21: UNIDAD DE MEDIDA | E21: CANTIDAD | F21: Valor unitario IVA incluido | G21: Valor unitario IVA incluido | H21: Valor unitario IVA incluido | I21: VALOR UNITARIO PROMEDIO | J21: VALOR TOTAL DEL ITEM
B22: 5. Alimentación--Minuta alimentaria, según Ciclo de Menús y sus anexos. | C22: Desayuno( entrega diaria x 30 dias) | D22: Unidad | E22: 1 | F22: 8047 | G22: ='SOLUCIONES LOGISTICAS'!F27 -> 8207.94 | H22: =FUNDAPROYECTOS!F27 -> 9675.414 | I22: =AVERAGE(F22:H22) -> 8643.4513 | J22: =E22*I22 -> 8643.4513
C23: Almuerzo (entrega Diaria x 30 días) | D23: Unidad | E23: 1 | F23: 15117 | G23: ='SOLUCIONES LOGISTICAS'!F28 -> 15419.34 | H23: =FUNDAPROYECTOS!F28 -> 17462.655 | I23: =AVERAGE(F23:H23) -> 15999.665 | J23: =E23*I23 -> 15999.665
C24: Cena, entrega diaria x 30 días | D24: Unidad | E24: 1 | F24: 13713 | G24: ='SOLUCIONES LOGISTICAS'!F29 -> 13987.26 | H24: =FUNDAPROYECTOS!F29 -> 17066.385 | I24: =AVERAGE(F24:H24) -> 14922.215 | J24: =E24*I24 -> 14922.215
C25: Refrigerio AM (entrega diaria x 30 días) | D25: Unidad | E25: 1 | F25: 6107 | G25: ='SOLUCIONES LOGISTICAS'!F30 -> 6229.14 | H25: =FUNDAPROYECTOS!F30 -> 7289.226 | I25: =AVERAGE(F25:H25) -> 6541.7887 | J25: =E25*I25 -> 6541.7887
C26: Refrigerio PM (Entrega diaria x 30 días) | D26: Unidad | E26: 1 | F26: 6107 | G26: ='SOLUCIONES LOGISTICAS'!F31 -> 6229.14 | H26: =FUNDAPROYECTOS!F31 -> 7289.226 | I26: =AVERAGE(F26:H26) -> 6541.7887 | J26: =E26*I26 -> 6541.7887
B27: TOTAL | I27: =SUM(I22:I26) -> 52648.909 | J27: =SUM(J22:J26) -> 52648.909
B29: ITEM | C29: DESCRIPCION | D29: UNIDAD DE MEDIDA | E29: CANTIDAD | F29: Valor unitario IVA incluido | G29: Valor unitario IVA incluido | H29: Valor unitario IVA incluido | I29: VALOR UNITARIO PROMEDIO | J29: VALOR TOTAL DEL ITEM
B30: 5.1 Mercados de apoyo (Familiar 4 miembros) | C30: Atun Lomitos en aceite x 170 gr | D30: Unidad | E30: 12 | F30: 6100 | G30: 5500 | H30: 5400 | I30: =AVERAGE(F30:H30) -> 5666.6667 | J30: =E30*I30 -> 68000 | K30: Cotización en línea
C31: Leche En Polvo x 900 gr | D31: Unidad | E31: 2 | F31: 31829 | G31: 33102.16 | H31: 34426.246 | I31: =AVERAGE(F31:H31) -> 33119.135 | J31: =E31*I31 -> 66238.271
C32: Sardinas En Salsa 425 gr. | D32: Unidad | E32: 2 | F32: 10005 | G32: 10405.2 | H32: 10821.408 | I32: =AVERAGE(F32:H32) -> 10410.536 | J32: =E32*I32 -> 20821.072
C33: Frijol x 500 gr | D33: Unidad | E33: 3 | F33: 5022 | G33: 5222.88 | H33: 5431.7952 | I33: =AVERAGE(F33:H33) -> 5225.5584 | J33: =E33*I33 -> 15676.675
C34: Lenteja x 500 gr | D34: Unidad | E34: 4 | F34: 4646 | G34: 4831.84 | H34: 5025.1136 | I34: =AVERAGE(F34:H34) -> 4834.3179 | J34: =E34*I34 -> 19337.271
C35: Chocolate Pastas x 500gr | D35: Unidad | E35: 2 | F35: 10803 | G35: 11235.12 | H35: 11684.525 | I35: =AVERAGE(F35:H35) -> 11240.882 | J35: =E35*I35 -> 22481.763
C36: Aceite x 3000 ml | D36: Unidad | E36: 1 | F36: 34300 | G36: 40190 | H36: 39450 | I36: =AVERAGE(F36:H36) -> 37980 | J36: =E36*I36 -> 37980 | K36: Cotización en línea
C37: Arroz x 5000 | D37: Unidad | E37: 1 | F37: 19800 | G37: 21380 | H37: 21950 | I37: =AVERAGE(F37:H37) -> 21043.333 | J37: =E37*I37 -> 21043.333 | K37: Cotización en línea
C38: Avena Hojuelas x 1000 gr | D38: Unidad | E38: 2 | F38: 10909 | G38: 11345.36 | H38: 11799.174 | I38: =AVERAGE(F38:H38) -> 11351.178 | J38: =E38*I38 -> 22702.356
C39: Azucar x 500 gr | D39: Unidad | E39: 2 | F39: 3218 | G39: 3346.72 | H39: 3480.5888 | I39: =AVERAGE(F39:H39) -> 3348.4363 | J39: =E39*I39 -> 6696.8725
C40: Galletas De Sal x 500gr | D40: Paquete | E40: 4 | F40: 9132 | G40: 9497.28 | H40: 9877.1712 | I40: =AVERAGE(F40:H40) -> 9502.1504 | J40: =E40*I40 -> 38008.602
C41: Harina de maíz amarilla x 500 gr | D41: Unidad | E41: 3 | F41: 5124 | G41: 5328.96 | H41: 5542.1184 | I41: =AVERAGE(F41:H41) -> 5331.6928 | J41: =E41*I41 -> 15995.078
C42: Panela x 1000 gr | D42: Unidad | E42: 3 | F42: 6292 | G42: 6543.68 | H42: 6805.4272 | I42: =AVERAGE(F42:H42) -> 6547.0357 | J42: =E42*I42 -> 19641.107
C43: Pasta Alimenticia 1000gr | D43: Unidad | E43: 2 | F43: 5684 | G43: 5911.36 | H43: 6147.8144 | I43: =AVERAGE(F43:H43) -> 5914.3915 | J43: =E43*I43 -> 11828.783
C44: Sal x 500gr | D44: Unidad | E44: 1 | F44: 1586 | G44: 1649.44 | H44: 1715.4176 | I44: =AVERAGE(F44:H44) -> 1650.2859 | J44: =E44*I44 -> 1650.2859
C45: Papel higienico x4 unidades | D45: Paquete | E45: 1 | F45: 13043 | G45: 13564.72 | H45: 14107.309 | I45: =AVERAGE(F45:H45) -> 13571.676 | J45: =E45*I45 -> 13571.676
C46: Jabon en barra azul para lavar ropa | D46: Unidad | E46: 1 | F46: 5323 | G46: 5535.92 | H46: 5757.3568 | I46: =AVERAGE(F46:H46) -> 5538.7589 | J46: =E46*I46 -> 5538.7589
B47: TOTAL MERCADO | I47: =SUM(I30:I46) -> 192276.04 | J47: =SUM(J30:J46) -> 407211.91
F48: cot 1 | G48: cot 2 | H48: cot 3
B49: ITEM | C49: DESCRIPCION | D49: UNIDAD DE MEDIDA | E49: CANTIDAD | F49: Valor unitario IVA incluido | G49: Valor unitario IVA incluido | H49: Valor unitario IVA incluido | I49: VALOR UNITARIO PROMEDIO | J49: VALOR TOTAL DEL ITEM
B50: 5.2.1 Kit de aseo para niños de 0 meses a 2 años, dentro y fuera del albergue. | C50: Crema antipañalitis 100-115gr | D50: Unidad | E50: 1 | F50: 45150 | G50: 44290 | H50: 40500 | I50: =AVERAGE(F50:H50) -> 43313.333 | J50: =E50*I50 -> 43313.333 | K50: Cotización en línea
C51: Pañales | D51: Unidad | E51: 150 | F51: 2418 | G51: 2514.72 | H51: 2615.3088 | I51: =AVERAGE(F51:H51) -> 2516.0096 | J51: =E51*I51 -> 377401.44
C52: Pañitos Húmedos paquete x 100 unds | D52: Unidad | E52: 4 | F52: 13377 | G52: 13912.08 | H52: 14468.563 | I52: =AVERAGE(F52:H52) -> 13919.214 | J52: =E52*I52 -> 55676.858
B53: TOTAL KIT BEBES | I53: =SUM(I50:I52) -> 59748.557 | J53: =SUM(J50:J52) -> 476391.63
B54: 5.2.2 Kit de aseo para niños de 2 años a 11 años, dentro y fuera del albergue. Nota: El papel higiénico y el jabón azul solo aplica para los usuarios del albergue | C54: Cepillo de dientes para adulto tipo mediano de mango flexible | D54: Unidad | E54: 1 | F54: 3973 | G54: 4131.92 | H54: 4297.1968 | I54: =AVERAGE(F54:H54) -> 4134.0389 | J54: =E54*I54 -> 4134.0389
C55: Crema dental tubo de 150 gr | D55: Unidad | E55: 1 | F55: 20137 | G55: 20942.48 | H55: 21780.179 | I55: =AVERAGE(F55:H55) -> 20953.22 | J55: =E55*I55 -> 20953.22
C56: Jabón de baño de 110 gr. | D56: Unidad | E56: 1 | F56: 4250 | G56: 4420 | H56: 4596.8 | I56: =AVERAGE(F56:H56) -> 4422.2667 | J56: =E56*I56 -> 4422.2667
C57: Shampoo de 100ml | D57: Unidad | E57: 1 | F57: 10559 | G57: 10981.36 | H57: 11420.614 | I57: =AVERAGE(F57:H57) -> 10986.991 | J57: =E57*I57 -> 10986.991
C58: Papel higiénico rollo x 4 unds | D58: Paquete | E58: 1 | F58: 13043 | G58: 13564.72 | H58: 14107.309 | I58: =AVERAGE(F58:H58) -> 13571.676 | J58: =E58*I58 -> 13571.676
C59: Jabón de barra azul para lavar ropa | D59: Unidad | E59: 1 | F59: 5323 | G59: 5535.92 | H59: 5757.3568 | I59: =AVERAGE(F59:H59) -> 5538.7589 | J59: =E59*I59 -> 5538.7589
B60: TOTAL KIT NIÑOS 2 A 11 AÑOS | I60: =SUM(I54:I59) -> 59606.952 | J60: =SUM(J54:J59) -> 59606.952
B61: 5.2.3 Kit de aseo para personas mayores de 12 años (inclusive) en adelante, dentro y fuera del albergue. Nota: El papel higiénico y el jabón azul solo aplica para los usuarios del albergue | C61: Cuchilla de afeitar desechable (entrega solo para adultos) y menores de edad con supervisión de padres o tutores) | D61: Unidad | E61: 1 | F61: 3887 | G61: 4042.48 | H61: 4204.1792 | I61: =AVERAGE(F61:H61) -> 4044.5531 | J61: =E61*I61 -> 4044.5531
C62: Cepillo de dientes para adulto tipo mediano de mango flexible | D62: Unidad | E62: 1 | F62: 3810 | G62: 3962.4 | H62: 4120.896 | I62: =AVERAGE(F62:H62) -> 3964.432 | J62: =E62*I62 -> 3964.432
C63: Crema dental tubo de 150 gr | D63: Unidad | E63: 1 | F63: 20137 | G63: 20942.48 | H63: 21780.179 | I63: =AVERAGE(F63:H63) -> 20953.22 | J63: =E63*I63 -> 20953.22
C64: Jabón de baño de 110 gr. | D64: Unidad | E64: 1 | F64: 4250 | G64: 4420 | H64: 4596.8 | I64: =AVERAGE(F64:H64) -> 4422.2667 | J64: =E64*I64 -> 4422.2667
C65: Desodorante en rollon 60 gr | D65: unidad | E65: 1 | F65: 6146 | G65: 6391.84 | H65: 6647.5136 | I65: =AVERAGE(F65:H65) -> 6395.1179 | J65: =E65*I65 -> 6395.1179
C66: Paquete de toallas higiénicas o sanitarias por diez unidades (entrega solo a mujeres menstruantes ) | D66: Paquete | E66: 1 | F66: 15024 | G66: 15624.96 | H66: 16249.958 | I66: =AVERAGE(F66:H66) -> 15632.973 | J66: =E66*I66 -> 15632.973
C67: Shampoo de 100ml | D67: Unidad | E67: 1 | F67: 11252 | G67: 11702.08 | H67: 12170.163 | I67: =AVERAGE(F67:H67) -> 11708.081 | J67: =E67*I67 -> 11708.081
C68: Papel higiénico rollo x 4 unds | D68: Paquete | E68: 1 | F68: 13043 | G68: 13564.72 | H68: 14107.309 | I68: =AVERAGE(F68:H68) -> 13571.676 | J68: =E68*I68 -> 13571.676
C69: Jabón de barra azul para lavar ropa | D69: Unidad | E69: 1 | F69: 5323 | G69: 5535.92 | H69: 5757.3568 | I69: =AVERAGE(F69:H69) -> 5538.7589 | J69: =E69*I69 -> 5538.7589
B70: TOTAL KIT ASEO MAYORES DE 12 AÑOS | I70: =SUM(I61:I69) -> 86231.078 | J70: =SUM(J61:J69) -> 86231.078
B71: 5.2.4 Pañal adulto | C71: Pañal adulto a demanda | D71: Unidad | E71: 1 | F71: 6373 | G71: 6627.92 | H71: 6893.0368 | I71: =AVERAGE(F71:H71) -> 6631.3189 | J71: =E71*I71 -> 6631.3189
B72: TOTAL PAÑAL ADULTO | I72: =SUM(I71) -> 6631.3189 | J72: =SUM(J71) -> 6631.3189
B73: TOTAL KIT DE ASEO | J73: =J53+J60+J70+J72 -> 628860.98
B74: ITEM | C74: DESCRIPCION | D74: UNIDAD DE MEDIDA | E74: CANTIDAD | F74: Valor unitario IVA incluido | G74: Valor unitario IVA incluido | H74: Valor unitario IVA incluido | I74: VALOR UNITARIO PROMEDIO | J74: VALOR TOTAL DEL ITEM
B75: 5.2.5 Toalla de cuerpo (dentro del albergue) | C75: Toalla 70x140 cm , en fibra natural 100% algodón. | D75: Unidad | E75: 1 | F75: 49258 | G75: ='SOLUCIONES LOGISTICAS'!F77 -> 51228.32 | H75: =FUNDAPROYECTOS!F77 -> 53277.453 | I75: =AVERAGE(F75:H75) -> 51254.591 | J75: =E75*I75 -> 51254.591
B76: TOTAL TOALLA | J76: =SUM(J75) -> 51254.591
B78: ITEM | C78: DESCRIPCION | D78: UNIDAD DE MEDIDA | E78: CANTIDAD | F78: Valor unitario IVA incluido | G78: Valor unitario IVA incluido | H78: Valor unitario IVA incluido | I78: VALOR UNITARIO PROMEDIO | J78: VALOR TOTAL DEL ITEM
B79: 5.3 Botiquín Tipo A para el albergue | C79: Botiquin tipo A (una entrega) | D79: Unidad | E79: 1 | F79: 159119 | G79: ='SOLUCIONES LOGISTICAS'!F81 -> 162301.38 | H79: =FUNDAPROYECTOS!F81 -> 168793.44 | I79: =AVERAGE(F79:H79) -> 163404.61 | J79: =E79*I79 -> 163404.61
B80: TOTAL BOTIQUIN | J80: =SUM(J79) -> 163404.61
B81: ITEM | C81: DESCRIPCION | D81: UNIDAD DE MEDIDA | E81: CANTIDAD | F81: Valor unitario IVA incluido | G81: Valor unitario IVA incluido | H81: Valor unitario IVA incluido | I81: VALOR UNITARIO PROMEDIO | J81: VALOR TOTAL DEL ITEM
B82: 5.4 Apoyo Logístico Mesas de participación y Comités. | C82: Apoyo logístico: Equipos audiovisuales; video bean, equipo de sonido, portátil, para reuniones mesas de participación y comités de victimas | D82: Unidad | E82: 1 | F82: 186149 | G82: ='SOLUCIONES LOGISTICAS'!F84 -> 195456.45 | H82: =FUNDAPROYECTOS!F85 -> 205229.27 | I82: =AVERAGE(F82:H82) -> 195611.57 | J82: =E82*I82 -> 195611.57
C83: Apoyo logístico: estación de café y agua, para reuniones mesas de participación y comités de victimas | D83: Unidad | E83: 1 | F83: 316250 | G83: ='SOLUCIONES LOGISTICAS'!F85 -> 332062.5 | H83: =FUNDAPROYECTOS!F86 -> 348665.62 | I83: =AVERAGE(F83:H83) -> 332326.04 | J83: =E83*I83 -> 332326.04
C84: Apoyo logístico: Alquiler de sitio con silletería para reuniones y mesas de participación y comités de victimas | D84: Unidad | E84: 1 | F84: 1317709 | G84: ='SOLUCIONES LOGISTICAS'!F86 -> 1383594.4 | H84: =FUNDAPROYECTOS!F87 -> 1452774.2 | I84: =AVERAGE(F84:H84) -> 1384692.5 | J84: =E84*I84 -> 1384692.5 | K84: mesas
B85: TOTAL | I85: =SUM(I82:I84) -> 1912630.2 | J85: =SUM(J82:J84) -> 1912630.2 | K85: 25 | L85: =J85*K85 -> 47815754
B87: ITEM | C87: DESCRIPCION | D87: UNIDAD DE MEDIDA | E87: CANTIDAD | F87: Valor unitario IVA incluido | G87: Valor unitario IVA incluido | H87: Valor unitario IVA incluido | I87: VALOR UNITARIO PROMEDIO | J87: VALOR TOTAL DEL ITEM
B88: 5.5 FORMULAS INFANTILES (Se harán entregas para los niños que permanecen en el albergue y para los que se encuentran por fuera de él previa verificación) | C88: Fórmula infantil de 400 gr (recién nacido) dentro y fuera del albergue (Se estiman hasta 7 entregas a cada beneficiario durante el mes, de acuerdo a la necesidad y previa verificación por parte del equipo psicosocial del programa). | D88: Unidad | E88: 1 | F88: 96293.253 | G88: ='SOLUCIONES LOGISTICAS'!F90 -> 100144.98 | H88: =FUNDAPROYECTOS!F91 -> 104150.78 | I88: =AVERAGE(F88:H88) -> 100196.34 | J88: =E88+I88 -> 100197.34
C89: Fórmula infantil de 400 gr (1 mes), dentro y fuera del albergue (Se estiman hasta 10 entregas a cada beneficiario durante el mes, de acuerdo a la necesidad y previa verificación por parte del equipo psicosocial del programa). | D89: Unidad | E89: 1 | F89: 96293.253 | G89: ='SOLUCIONES LOGISTICAS'!F91 -> 100144.98 | H89: =FUNDAPROYECTOS!F92 -> 104150.78 | I89: =AVERAGE(F89:H89) -> 100196.34 | J89: =E89+I89 -> 100197.34
C90: Fórmula infantil de 400 gr (2 - 3 meses), dentro y fuera del albergue albergue ( Se estiman hasta 12 entregas a cada beneficiario durante el mes, de acuerdo a la necesidad y previa verificación por parte del equipo psicosocial del programa) | D90: Unidad | E90: 1 | F90: 96293.253 | G90: ='SOLUCIONES LOGISTICAS'!F92 -> 100144.98 | H90: =FUNDAPROYECTOS!F93 -> 104150.78 | I90: =AVERAGE(F90:H90) -> 100196.34 | J90: =E90+I90 -> 100197.34
C91: Fórmula infantil de 400 gr (4 - 6 meses), dentro y fuera del albergue ( Se estiman hasta 18 entregas a cada beneficiario durante el mes, de acuerdo a la necesidad y previa verificación por parte del equipo psicosocial del programa) | D91: Unidad | E91: 1 | F91: 96293.253 | G91: ='SOLUCIONES LOGISTICAS'!F93 -> 100144.98 | H91: =FUNDAPROYECTOS!F94 -> 104150.78 | I91: =AVERAGE(F91:H91) -> 100196.34 | J91: =E91+I91 -> 100197.34
B92: TOTAL | I92: =SUM(I88:I91) -> 400785.36 | J92: =SUM(J88:J91) -> 400789.36
B94: SUMINSTROS, DOTACIONES Y OTROS SERVICIOS
B95: ITEM | C95: DESCRIPCION | D95: UNIDAD DE MEDIDA | E95: CANTIDAD | F95: Valor unitario IVA incluido | G95: Valor unitario IVA incluido | H95: Valor unitario IVA incluido | I95: VALOR UNITARIO PROMEDIO | J95: VALOR TOTAL DEL ITEM
B96: 5.6 Kit de vestuario (Se entrega 1 vez por cada usuario, previa valoración del equipo psicosocial del programa de víctimas). NOTA: de acuerdo al enfoque diferencial. | C96: Camiseta tipo polo en poliéster tallas varias | D96: Unidad | E96: 1 | F96: 56743 | G96: 59012.72 | H96: 61373.229 | I96: =AVERAGE(F96:H96) -> 59042.983 | J96: =E96*I96 -> 59042.983
C97: Pantalón o sudadera de color oscuro preferiblemente, tallas varias. | D97: Unidad | E97: 1 | F97: 79002 | G97: 82162.08 | H97: 85448.563 | I97: =AVERAGE(F97:H97) -> 82204.214 | J97: =E97*I97 -> 82204.214
C98: Bóxer hombre x 3 unds, diversas tallas, diversos colores | D98: Paquete | E98: 1 | F98: 79900 | G98: 109990 | H98: 64990 | I98: =AVERAGE(F98:H98) -> 84960 | J98: =E98*I98 -> 84960 | K98: cotizacion en linea
C99: Par Medias para hombre | D99: Par | E99: 2 | F99: 23638 | G99: 24583.52 | H99: 25566.861 | I99: =AVERAGE(F99:H99) -> 24596.127 | J99: =E99*I99 -> 49192.254
C100: Zapatos deportivos hombre diversas tallas | D100: Par | E100: 1 | F100: 120458 | G100: 125276.32 | H100: 130287.37 | I100: =AVERAGE(F100:H100) -> 125340.56 | J100: =E100*I100 -> 125340.56
C101: Blusa para dama diversas tallas, diversos colores | D101: Unidad | E101: 1 | F101: 46894 | G101: 48769.76 | H101: 50720.55 | I101: =AVERAGE(F101:H101) -> 48794.77 | J101: =E101*I101 -> 48794.77
C102: Panty para dama x 3 unds, diversas tallas | D102: Paquete | E102: 1 | F102: 74990 | G102: 35900 | H102: 70990 | I102: =AVERAGE(F102:H102) -> 60626.667 | J102: =E102*I102 -> 60626.667 | K102: cotizacion en linea
C103: Brasier x 2 unds, diversas tallas | D103: Paquete | E103: 1 | F103: 88361 | G103: 91895.44 | H103: 95571.258 | I103: =AVERAGE(F103:H103) -> 91942.566 | J103: =E103*I103 -> 91942.566
C104: Pantalón o sudadera, tallas diversas | D104: Unidad | E104: 1 | F104: 85802 | G104: 89234.08 | H104: 92803.443 | I104: =AVERAGE(F104:H104) -> 89279.841 | J104: =E104*I104 -> 89279.841
C105: Par de medias deportivas dama | D105: Par | E105: 2 | F105: 23710 | G105: 24658.4 | H105: 25644.736 | I105: =AVERAGE(F105:H105) -> 24671.045 | J105: =E105*I105 -> 49342.091
C106: Zapatos dama deportivo, diversas tallas | D106: Par | E106: 1 | F106: 120458 | G106: 125276.32 | H106: 130287.37 | I106: =AVERAGE(F106:H106) -> 125340.56 | J106: =E106*I106 -> 125340.56
C107: Kit vestuario (mujer bata y zapatos) población indígena | D107: Kit | E107: 1 | F107: 200886 | G107: 208921.44 | H107: 217278.3 | I107: =AVERAGE(F107:H107) -> 209028.58 | J107: =E107*I107 -> 209028.58
C108: Kit bebés de 0 a 6 meses: (2 pijamas, 2 baberos, 2 mamelucos) | D108: Kit | E108: 1 | F108: 125000 | G108: 130000 | H108: 135200 | I108: =AVERAGE(F108:H108) -> 130066.67 | J108: =E108*I108 -> 130066.67
B109: TOTAL | I109: =SUM(I96:I108) -> 1155894.6 | J109: =SUM(J96:J108) -> 1205161.8
B111: ITEM | C111: DESCRIPCION | D111: UNIDAD DE MEDIDA | E111: CANTIDAD | F111: Valor unitario IVA incluido | G111: Valor unitario IVA incluido | H111: Valor unitario IVA incluido | I111: VALOR UNITARIO PROMEDIO | J111: VALOR TOTAL DEL ITEM
...
